Workbook

Sheet index
A1: COVID-19対策 損益計算ツール
J3: 更新日： | K3: 43966 | M3: Mail： | N3: hiroaki.horiguchi@aoudo.jp
J4: 作成者： | K4: 亜欧堂 堀口洋明 | M4: 電話： | N4: 080-3367-4152
A5: 初期設定
B7: ホテル名 | C7: Sample Hotel | I7: 更新日： | J7: 2022 | K7: 年 | L7: 3 | M7: 月 | N7: 15 | O7: 日
A9: 初めに
B11: 2020年初頭より感染拡大が確認され、2020年3月4月と世界的に猛威を振るっている新型コロナウィルス（COVID-19）の影響により、
B12: 世界経済は大ダメージを受けており、特に観光業界はその影響を最初に受け被害も甚大な状況となっています。
B13: 企業存続を考える上でも、また今後の販売価格の下限を検討する意味でも、損益分岐点売上高を知ることは非常に重要な意味を持ちます。
B15: このツールを使っていただく目的は大きく下記のとおりです。
B16: 1 | C16: 企業存続の可能性を検討するために損益分岐点売上高を試算する
B17: 2 | C17: ミドルクラス以下のホテルは値下げ圧力が強まると想定されるため、損益計算の観点から最低限必要な販売価格を試算する
B19: 事業継続の観点からの試算は財務部門などで行うホテルが多いでしょう。
B20: 今回のコロナ禍での資金繰りの構図を簡単に表すと下図の通りとなります。
C34: ※ 実際には期間の観点や支払時期・売掛金の回収時期の問題などもっと詳細に検討します。上記はあくまでイメージとして捉えてください。
B36: この中でリネン費やアメニティ費などの宿泊部門で主要な費用がADRと客室稼働率のバランスによって変わってくるため、財務部門単独（あるいは一般的な会計士や税理士）で検討が難しいということです。
B37: 何故ならばそれらの費用は「客室数に応じて変動する」費用ですから、同じ売上であっても「安く販売して客室稼働率を高める」場合には増加し、「高く販売して客室稼働率を抑える」場合には減少するからです。
B38: つまり、販売価格と販売室数のバランスの検討なしには、主要な費用がどのくらいかかるか見当ができないということです。
B40: そこでこのツールでは、上図の赤文字部分の検討が可能となります。
B42: 今後は収益構造の変化が懸念されます。
B43: 1 | C43: 販売数量の抑制
C44: 1.1 | D44: 需要減少による販売数量の減少
C45: 1.2 | D45: ソーシャルディスタンスの普及による販売可能数の減少 （レストランでは客席を間引く必要が生じる。宿泊にも同様の影響が生じるかは不明）
C46: 1.3 | D46: 従業員による感染リスクの忌避 （たくさんのお客様が来れば感染リスクが上がる。感染予防教育によりある程度抑えられるのでは？）
C47: 1.4 | D47: 地域社会への影響 （緊急事態宣言下の自粛中には県外ナンバーを持つお客様へのネガティブな感情がみられた）
B48: 2 | C48: 費用の増大
C49: 2.1 | D49: 消毒薬や清掃員向けの防護具など従来必要としていなかった費用の増加
C50: 2.2 | D50: 客室備品の見直し（アルコール消毒液などの客室備品化を想定）
C51: 2.3 | D51: 上記などを踏まえた清掃業者からの値上げ要求
B52: 3 | C52: 利益確保の必要性が増加
C53: 3.1 | D53: 借入金の返済
C54: 3.2 | D54: オーナーから、運営会社にも運転資金確保を求められる可能性
B56: これらを踏まえて損益計算をやり直すことをおすすめしています。
B59: 損益分岐点売上高について
B61: 一般的にビジネスでは、赤字を出さない最低限度の売上高を確認しておくことが、経営リスクの大きさを図る上で有効です。
B62: 損益分岐点売上高を下回る売上が継続する場合は、そのビジネスからの撤退が検討されます。
B64: その場合の損益分岐点売上高の計算方法としてよく使用されているのが下記の計算式です。
B66: 損益分岐点売上高 ＝ 固定費 ÷ ｛1－（変動費 ÷ 売上高）｝
C68: 固定費 | D68: 費用のうち繁忙にかかわらず一定の金額となるもの | H68: 例： 家賃
C69: 変動費 | D69: 費用のうち繁忙に合わせて増減するもの | H69: 例： リネン費 客室清掃費 アメニティ費
B71: 例えば下記の場合の損益分岐点売上高を計算してみましょう。
C72: 売上高 | E72: 12000000 | F72: ／月
C73: 固定費 | D73: 家賃 | E73: 500000 | F73: ／月
C74: 変動費 | D74: 料理材料費 | E74: 4000000 | F74: ／月
B76: 損益分岐点売上高 ＝ | D76: 固定費 | E76: =E73 -> 500000 | F76: ÷ （１－ （変動費 | H76: =E74 -> 4000000 | I76: ÷ 売上高 | J76: =E72 -> 12000000 | K76: ））
C77: ＝ | D77: =E76/(1-(H76/J76)) -> 750000
B79: 上記はとても簡単なサンプルですが、とにかく家賃と材料費だけ払えればいいと考える個人の飲食店では | I79: =D77 -> 750000 | J79: が損益分岐点売上高となります。
B81: ところが、残念ながら | D81: 宿泊部門ではこの損益分岐点売上高の計算式は機能しません。
B83: 上記の計算式は「変動費は売上高に応じて変化する」ことが前提となっています。
B84: しかし客室清掃費やリネン費など宿泊部門の主要な費用のほとんどが | G84: 「客室数に応じて増減する費用」 | J84: です。
B85: 変動価格制が定着した現在では「売上高に応じて変わる変動費」を前提とした損益分岐点売上高の計算式は宿泊部門では使用できないのです。
B87: このため、このツールでは損益計算書をもとに損益分岐点売上高をエクセルの機能を使って逆算できるように作成してあります。
B90: 販売価格の考え方（推奨）
B92: 上で触れた収支構造の変化から、今後ますます低単価で販売することは経営悪化のリスクを高める可能性が強いです。
B93: このため、以下の考え方を推奨します。
B94: 1 | C94: 基本的な商品はこれまでのADRの70-80%を維持
B95: 2 | C95: 価格的競争力を確保するために値下げを検討する場合、必ず損益計算を基に最低価格を決める（最低限客室に必要なリネン費・アメニティ費・清掃費などの主要コストを把握したうえで決める）
B96: 3 | C96: （エッセンシャルワーカーの受け入れやリモートワークプランなど）社会的意義のある商品は限定上限を明記したうえで安価に提供する （採算ではなく社会貢献を優先する場合）
B97: 4 | C97: 月間の客室稼働率が60-80%に改善するまでは、上記価格を維持し、多少のオンハンド増加による料金調整は行わない
A100: 使い方
B102: ① | C102: 「101 LS LY」シートに、コロナ禍発生前の損益計算書の数値を入力します。
D103: 季節変動がある場合などを考慮して、1年間（例：2019年1月1日～2019年12月31日）のデータを使うことを推奨しますが、任意期間のデータでもOKです。
D104: その場合は、「G7」セルの営業日数を調整してください。 | H104: ※ データは1年であるが休館日がある場合も営業日数の調整を行ってください。
D106: 人件費は実際の金額でも理論的な金額でも算出できるようにしてあります。
B108: ② | C108: 「111 LS CS1」～「115 LS CS5」シートで ADR, 稼働率、主要費用のうち変更したいものを変更して試算します。
C109: シートが5つあるのは「客室稼働率を抑えてADRを維持」「ADRを抑えて客室稼働率を維持」といったいくつかのシナリオを検討できるようにしてあるからです。
D110: 費用の修正のうち、人件費と総客手数料は理論的な計算もできるようにしてあります。
B112: ③ | C112: 上記各シナリオでの結果は「Summary」シートに反映します。
B117: 数値の入力費が必要な個所は | E117: でハイライトされています。
B118: シートの保護はかけていませんが、保護をかけることで入力箇所以外の計算式の改変を防ぐことができます。
B119: グループホテルなどで複数の事業所に配布する場合は保護をかけることをおすすめします。
B121: 損益計算書の科目や計算はユニフォーム会計システムを前提としています。
B122: このツールの著作権は亜欧堂が保持ますが、変更・修正・再配布などはご自由にご利用くださいませ。
A125: ゴールシーク
B127: エクセルにはゴールシークという逆算機能があります。
B128: 結果が出ているセル（このツールでは各シートのC38セル［営業利益額］など）を指定し、
B129: データメニュー ＞ What-If分析 ＞ ゴールシーク とメニューを選択し、
B130: 目標値を 0 （損益分岐点売上高を計算する場合。GOPの目標額を維持できるOCCやADRを試算する場合はその金額でもよい） と設定し、
B131: 変化させるセルで各シートの E7セル（年間稼働率） または E8セル（ADR)を選び OK ボタンを押すことで、
B132: 目標値を達成する 年間稼働率 または ADR を試算することができます。
B134: 複雑に計算式が絡み合っているツールですので、エクセルが答えを出せない場合があります。
B136: その場合は | C136: 1 | D136: GOP率を目標にする
C137: 2 | D137: 手動で年間稼働率 または ADR を変えてみる
B138: ことをお試しください。
A141: Ver
B143: 1 | C143: プロトタイプとして作成 | E143: 43912
B144: 2 | C144: 表現などを修正 | E144: 43966

Sheet Summary
A1: << | B1: Hotel PL Simulator / Limited Service or Rooms Division Only Version / Summary | U1: =index!$C$7 -> Sample Hotel
T3: 更新日： | U3: =DATE(index!$J$7,index!$L$7,index!$N$7) -> 44635
C4: 金額 | J4: 売上構成比 | Q4: 前年との差額
C6: Last Year Actual | D6: ='111 LS CS1'!$C4 -> ADR 1%改善 | E6: ='112 LS CS2'!$C4 -> 販売室数 1%改善 | F6: ='113 LS CS3'!$C4 -> ADRを100円上げ前年と同GOPのOCC | G6: ='114 LS CS4'!$C4 -> ADRを500円上げ前年と同GOPのOCC | H6: ='115 LS CS5'!$C4 -> Case5 | J6: =C6 -> Last Year Actual | K6: =D6 -> ADR 1%改善 | L6: =E6 -> 販売室数 1%改善 | M6: =F6 -> ADRを100円上げ前年と同GOPのOCC | N6: =G6 -> ADRを500円上げ前年と同GOPのOCC | O6: =H6 -> Case5 | Q6: =K6 -> ADR 1%改善 | R6: =L6 -> 販売室数 1%改善 | S6: =M6 -> ADRを100円上げ前年と同GOPのOCC | T6: =N6 -> ADRを500円上げ前年と同GOPのOCC | U6: =O6 -> Case5
B7: 年間稼働率 | C7: ='101 LS LY'!$C7 -> 0.8 | D7: ='111 LS CS1'!$C7 -> 0.8 | E7: ='112 LS CS2'!$C7 -> 0.80801369 | F7: ='113 LS CS3'!$C7 -> 0.789 | G7: ='114 LS CS4'!$C7 -> 0.75 | H7: ='115 LS CS5'!$C7 -> 0.8 | Q7: =D7-$C7 -> 0 | R7: =E7-$C7 -> 0.0080136943 | S7: =F7-$C7 -> -0.011 | T7: =G7-$C7 -> -0.05 | U7: =H7-$C7 -> 0
B8: ADR | C8: ='101 LS LY'!$C8 -> 10000 | D8: ='111 LS CS1'!$C8 -> 10100 | E8: ='112 LS CS2'!$C8 -> 10000 | F8: ='113 LS CS3'!$C8 -> 10100 | G8: ='114 LS CS4'!$C8 -> 10500 | H8: ='115 LS CS5'!$C8 -> 10000 | Q8: =D8-$C8 -> 100 | R8: =E8-$C8 -> 0 | S8: =F8-$C8 -> 100 | T8: =G8-$C8 -> 500 | U8: =H8-$C8 -> 0
Q9: =D9-$C9 -> 0 | R9: =E9-$C9 -> 0 | S9: =F9-$C9 -> 0 | T9: =G9-$C9 -> 0 | U9: =H9-$C9 -> 0
B10: 客室売上 | C10: ='101 LS LY'!$C10 -> 292000000 | D10: ='111 LS CS1'!$C10 -> 294920000 | E10: ='112 LS CS2'!$C10 -> 294920000 | F10: ='113 LS CS3'!$C10 -> 290869900 | G10: ='114 LS CS4'!$C10 -> 287437500 | H10: ='115 LS CS5'!$C10 -> 292000000 | Q10: =D10-$C10 -> 2920000 | R10: =E10-$C10 -> 2920000 | S10: =F10-$C10 -> -1130100 | T10: =G10-$C10 -> -4562500 | U10: =H10-$C10 -> 0
B11: その他売上 | C11: ='101 LS LY'!$C11 -> 0 | D11: ='111 LS CS1'!$C11 -> 0 | E11: ='112 LS CS2'!$C11 -> 0 | F11: ='113 LS CS3'!$C11 -> 0 | G11: ='114 LS CS4'!$C11 -> 0 | H11: ='115 LS CS5'!$C11 -> 0 | Q11: =D11-$C11 -> 0 | R11: =E11-$C11 -> 0 | S11: =F11-$C11 -> 0 | T11: =G11-$C11 -> 0 | U11: =H11-$C11 -> 0
B12: 宿泊部門売上合計 | C12: ='101 LS LY'!$C12 -> 292000000 | D12: ='111 LS CS1'!$C12 -> 294920000 | E12: ='112 LS CS2'!$C12 -> 294920000 | F12: ='113 LS CS3'!$C12 -> 290869900 | G12: ='114 LS CS4'!$C12 -> 287437500 | H12: ='115 LS CS5'!$C12 -> 292000000 | Q12: =D12-$C12 -> 2920000 | R12: =E12-$C12 -> 2920000 | S12: =F12-$C12 -> -1130100 | T12: =G12-$C12 -> -4562500 | U12: =H12-$C12 -> 0
B14: 人件費 | C14: ='101 LS LY'!$C15 -> 36500000 | D14: ='111 LS CS1'!$C15 -> 36500000 | E14: ='112 LS CS2'!$C15 -> 36500000 | F14: ='113 LS CS3'!$C15 -> 36500000 | G14: ='114 LS CS4'!$C15 -> 36500000 | H14: ='115 LS CS5'!$C15 -> 36500000 | J14: ='101 LS LY'!$D15 -> 0.125 | K14: ='111 LS CS1'!$D15 -> 0.12376238 | L14: ='112 LS CS2'!$D15 -> 0.12376238 | M14: ='113 LS CS3'!$D15 -> 0.12548566 | N14: ='114 LS CS4'!$D15 -> 0.12698413 | O14: ='115 LS CS5'!$D15 -> 0.125 | Q14: =D14-$C14 -> 0 | R14: =E14-$C14 -> 0 | S14: =F14-$C14 -> 0 | T14: =G14-$C14 -> 0 | U14: =H14-$C14 -> 0
B15: 基本分 | C15: ='101 LS LY'!$C16 -> 20000000 | D15: ='111 LS CS1'!$C16 -> 20000000 | E15: ='112 LS CS2'!$C16 -> 20000000 | F15: ='113 LS CS3'!$C16 -> 20000000 | G15: ='114 LS CS4'!$C16 -> 20000000 | H15: ='115 LS CS5'!$C16 -> 20000000 | J15: ='101 LS LY'!$D16 -> 0.068493151 | K15: ='111 LS CS1'!$D16 -> 0.067815001 | L15: ='112 LS CS2'!$D16 -> 0.067815001 | M15: ='113 LS CS3'!$D16 -> 0.068759263 | N15: ='114 LS CS4'!$D16 -> 0.069580344 | O15: ='115 LS CS5'!$D16 -> 0.068493151 | Q15: =D15-$C15 -> 0 | R15: =E15-$C15 -> 0 | S15: =F15-$C15 -> 0 | T15: =G15-$C15 -> 0 | U15: =H15-$C15 -> 0
B16: 時間外手当 | C16: ='101 LS LY'!$C17 -> 3500000 | D16: ='111 LS CS1'!$C17 -> 3500000 | E16: ='112 LS CS2'!$C17 -> 3500000 | F16: ='113 LS CS3'!$C17 -> 3500000 | G16: ='114 LS CS4'!$C17 -> 3500000 | H16: ='115 LS CS5'!$C17 -> 3500000 | J16: ='101 LS LY'!$D17 -> 0.011986301 | K16: ='111 LS CS1'!$D17 -> 0.011867625 | L16: ='112 LS CS2'!$D17 -> 0.011867625 | M16: ='113 LS CS3'!$D17 -> 0.012032871 | N16: ='114 LS CS4'!$D17 -> 0.01217656 | O16: ='115 LS CS5'!$D17 -> 0.011986301 | Q16: =D16-$C16 -> 0 | R16: =E16-$C16 -> 0 | S16: =F16-$C16 -> 0 | T16: =G16-$C16 -> 0 | U16: =H16-$C16 -> 0
B17: 深夜手当 | C17: ='101 LS LY'!$C18 -> 10000000 | D17: ='111 LS CS1'!$C18 -> 10000000 | E17: ='112 LS CS2'!$C18 -> 10000000 | F17: ='113 LS CS3'!$C18 -> 10000000 | G17: ='114 LS CS4'!$C18 -> 10000000 | H17: ='115 LS CS5'!$C18 -> 10000000 | J17: ='101 LS LY'!$D18 -> 0.034246575 | K17: ='111 LS CS1'!$D18 -> 0.0339075 | L17: ='112 LS CS2'!$D18 -> 0.0339075 | M17: ='113 LS CS3'!$D18 -> 0.034379632 | N17: ='114 LS CS4'!$D18 -> 0.034790172 | O17: ='115 LS CS5'!$D18 -> 0.034246575 | Q17: =D17-$C17 -> 0 | R17: =E17-$C17 -> 0 | S17: =F17-$C17 -> 0 | T17: =G17-$C17 -> 0 | U17: =H17-$C17 -> 0
B18: 法定福利費 | C18: ='101 LS LY'!$C19 -> 3000000 | D18: ='111 LS CS1'!$C19 -> 3000000 | E18: ='112 LS CS2'!$C19 -> 3000000 | F18: ='113 LS CS3'!$C19 -> 3000000 | G18: ='114 LS CS4'!$C19 -> 3000000 | H18: ='115 LS CS5'!$C19 -> 3000000 | J18: ='101 LS LY'!$D19 -> 0.010273973 | K18: ='111 LS CS1'!$D19 -> 0.01017225 | L18: ='112 LS CS2'!$D19 -> 0.01017225 | M18: ='113 LS CS3'!$D19 -> 0.010313889 | N18: ='114 LS CS4'!$D19 -> 0.010437052 | O18: ='115 LS CS5'!$D19 -> 0.010273973 | Q18: =D18-$C18 -> 0 | R18: =E18-$C18 -> 0 | S18: =F18-$C18 -> 0 | T18: =G18-$C18 -> 0 | U18: =H18-$C18 -> 0
B19: 販売管理費 | C19: ='101 LS LY'!$C20 -> 109480000 | D19: ='111 LS CS1'!$C20 -> 109850400 | E19: ='112 LS CS2'!$C20 -> 110565508 | F19: ='113 LS CS3'!$C20 -> 108341838 | G19: ='114 LS CS4'!$C20 -> 104408250 | H19: ='115 LS CS5'!$C20 -> 109470800 | J19: ='101 LS LY'!$D20 -> 0.37493151 | K19: ='111 LS CS1'!$D20 -> 0.37247525 | L19: ='112 LS CS2'!$D20 -> 0.3749 | M19: ='113 LS CS3'!$D20 -> 0.37247525 | N19: ='114 LS CS4'!$D20 -> 0.3632381 | O19: ='115 LS CS5'!$D20 -> 0.3749 | Q19: =D19-$C19 -> 370400 | R19: =E19-$C19 -> 1085508 | S19: =F19-$C19 -> -1138162 | T19: =G19-$C19 -> -5071750 | U19: =H19-$C19 -> -9200
B20: リネン費 | C20: ='101 LS LY'!$C21 -> 13000000 | D20: ='111 LS CS1'!$C21 -> 12994000 | E20: ='112 LS CS2'!$C21 -> 13123940 | F20: ='113 LS CS3'!$C21 -> 12815555 | G20: ='114 LS CS4'!$C21 -> 12181875 | H20: ='115 LS CS5'!$C21 -> 12994000 | J20: ='101 LS LY'!$D21 -> 0.044520548 | K20: ='111 LS CS1'!$D21 -> 0.044059406 | L20: ='112 LS CS2'!$D21 -> 0.0445 | M20: ='113 LS CS3'!$D21 -> 0.044059406 | N20: ='114 LS CS4'!$D21 -> 0.042380952 | O20: ='115 LS CS5'!$D21 -> 0.0445 | Q20: =D20-$C20 -> -6000 | R20: =E20-$C20 -> 123940 | S20: =F20-$C20 -> -184445 | T20: =G20-$C20 -> -818125 | U20: =H20-$C20 -> -6000
B21: アメニティ費 | C21: ='101 LS LY'!$C22 -> 17000000 | D21: ='111 LS CS1'!$C22 -> 16994400 | E21: ='112 LS CS2'!$C22 -> 17164344 | F21: ='113 LS CS3'!$C22 -> 16761018 | G21: ='114 LS CS4'!$C22 -> 15932250 | H21: ='115 LS CS5'!$C22 -> 16994400 | J21: ='101 LS LY'!$D22 -> 0.058219178 | K21: ='111 LS CS1'!$D22 -> 0.057623762 | L21: ='112 LS CS2'!$D22 -> 0.0582 | M21: ='113 LS CS3'!$D22 -> 0.057623762 | N21: ='114 LS CS4'!$D22 -> 0.055428571 | O21: ='115 LS CS5'!$D22 -> 0.0582 | Q21: =D21-$C21 -> -5600 | R21: =E21-$C21 -> 164344 | S21: =F21-$C21 -> -238982 | T21: =G21-$C21 -> -1067750 | U21: =H21-$C21 -> -5600
B22: 客室清掃費 | C22: ='101 LS LY'!$C23 -> 24000000 | D22: ='111 LS CS1'!$C23 -> 24002400 | E22: ='112 LS CS2'!$C23 -> 24242424 | F22: ='113 LS CS3'!$C23 -> 23672778 | G22: ='114 LS CS4'!$C23 -> 22502250 | H22: ='115 LS CS5'!$C23 -> 24002400 | J22: ='101 LS LY'!$D23 -> 0.082191781 | K22: ='111 LS CS1'!$D23 -> 0.081386139 | L22: ='112 LS CS2'!$D23 -> 0.0822 | M22: ='113 LS CS3'!$D23 -> 0.081386139 | N22: ='114 LS CS4'!$D23 -> 0.078285714 | O22: ='115 LS CS5'!$D23 -> 0.0822 | Q22: =D22-$C22 -> 2400 | R22: =E22-$C22 -> 242424 | S22: =F22-$C22 -> -327222 | T22: =G22-$C22 -> -1497750 | U22: =H22-$C22 -> 2400
B23: 販売手数料 | C23: ='101 LS LY'!$C24 -> 32120000 | D23: ='111 LS CS1'!$C24 -> 32441200 | E23: ='112 LS CS2'!$C24 -> 32441200 | F23: ='113 LS CS3'!$C24 -> 31995689 | G23: ='114 LS CS4'!$C24 -> 31618125 | H23: ='115 LS CS5'!$C24 -> 32120000 | J23: ='101 LS LY'!$D24 -> 0.11 | K23: ='111 LS CS1'!$D24 -> 0.11 | L23: ='112 LS CS2'!$D24 -> 0.11 | M23: ='113 LS CS3'!$D24 -> 0.11 | N23: ='114 LS CS4'!$D24 -> 0.11 | O23: ='115 LS CS5'!$D24 -> 0.11 | Q23: =D23-$C23 -> 321200 | R23: =E23-$C23 -> 321200 | S23: =F23-$C23 -> -124311 | T23: =G23-$C23 -> -501875 | U23: =H23-$C23 -> 0
B24: 水道光熱費 | C24: ='101 LS LY'!$C25 -> 17520000 | D24: ='111 LS CS1'!$C25 -> 17520000 | E24: ='112 LS CS2'!$C25 -> 17695200 | F24: ='113 LS CS3'!$C25 -> 17279400 | G24: ='114 LS CS4'!$C25 -> 16425000 | H24: ='115 LS CS5'!$C25 -> 17520000 | J24: ='101 LS LY'!$D25 -> 0.06 | K24: ='111 LS CS1'!$D25 -> 0.059405941 | L24: ='112 LS CS2'!$D25 -> 0.06 | M24: ='113 LS CS3'!$D25 -> 0.059405941 | N24: ='114 LS CS4'!$D25 -> 0.057142857 | O24: ='115 LS CS5'!$D25 -> 0.06 | Q24: =D24-$C24 -> 0 | R24: =E24-$C24 -> 175200 | S24: =F24-$C24 -> -240600 | T24: =G24-$C24 -> -1095000 | U24: =H24-$C24 -> 0
B25: 広告宣伝費 | C25: ='101 LS LY'!$C26 -> 2920000 | D25: ='111 LS CS1'!$C26 -> 2949200 | E25: ='112 LS CS2'!$C26 -> 2949200 | F25: ='113 LS CS3'!$C26 -> 2908699 | G25: ='114 LS CS4'!$C26 -> 2874375 | H25: ='115 LS CS5'!$C26 -> 2920000 | J25: ='101 LS LY'!$D26 -> 0.01 | K25: ='111 LS CS1'!$D26 -> 0.01 | L25: ='112 LS CS2'!$D26 -> 0.01 | M25: ='113 LS CS3'!$D26 -> 0.01 | N25: ='114 LS CS4'!$D26 -> 0.01 | O25: ='115 LS CS5'!$D26 -> 0.01 | Q25: =D25-$C25 -> 29200 | R25: =E25-$C25 -> 29200 | S25: =F25-$C25 -> -11301 | T25: =G25-$C25 -> -45625 | U25: =H25-$C25 -> 0
... B37: 営業利益 | C37: ='101 LS LY'!$C38 -> 146020000 | D37: ='111 LS CS1'!$C38 -> 148569600 | E37: ='112 LS CS2'!$C38 -> 147854492 | F37: ='113 LS CS3'!$C38 -> 146028062 | G37: ='114 LS CS4'!$C38 -> 146529250 | H37: ='115 LS CS5'!$C38 -> 146029200 | J37: ='101 LS LY'!$D38 -> 0.50006849 | K37: ='111 LS CS1'!$D38 -> 0.50376238 | L37: ='112 LS CS2'!$D38 -> 0.50133762 | M37: ='113 LS CS3'!$D38 -> 0.5020391 | N37: ='114 LS CS4'!$D38 -> 0.50977778 | O37: ='115 LS CS5'!$D38 -> 0.5001 | Q37: =D37-$C37 -> 2549600 | R37: =E37-$C37 -> 1834492 | S37: =F37-$C37 -> 8062 | T37: =G37-$C37 -> 509250 | U37: =H37-$C37 -> 9200

Sheet 101 LS LY
A1: << | B1: Hotel PL Simulator / Limited Service or Rooms Division Only Version / Last Year Actual | O1: =index!$C$7 -> Sample Hotel
A3: 以下の数値は昨年度1年間の実績値を入力してください。 | N3: 更新日： | O3: =DATE(index!$J$7,index!$L$7,index!$N$7) -> 44635
A4: 配布時点では一般的と思われるサンプル数値が入力されています。
B6: 客室総数 | C6: 100 | D6: 室
B7: 年間稼働率 | C7: 0.8 | F7: 営業日数 | G7: 365 | I7: 年間販売室数 | J7: =IF(L7>0,L7,ROUND(C6*G7*C7,0)) -> 29200 | K7: → 修正する場合 | M7: （修正値をL7セルに入力すると年間販売室数が上書きされます）
B8: ADR | C8: 10000 | D8: ※ サービス料込・税別で設定してください
B10: 客室売上 | C10: =C8*J7 -> 292000000
B11: その他売上 | C11: 0
B12: 宿泊部門売上合計 | C12: =C10+C11 -> 292000000
C14: 金額 | D14: 売上対比
B15: 人件費 | C15: =SUM(C16:C19) -> 36500000 | D15: =C15/$C$12 -> 0.125 | F15: ※ 人件費は「客室数（厳密には年間販売室数）に比例した費用」と考えますので、単体ホテルにおいては客室数の変動はほぼないため固定費として扱います。 | N15: 固定費
B16: 基本分 | C16: =G42 -> 20000000 | D16: =C16/$C$12 -> 0.068493151 | F16: 人件費は計算にいくつかの方法を用意していますので、ページ下部を参照してください。 | N16: 固定費
B17: 時間外手当 | C17: =G58 -> 3500000 | D17: =C17/$C$12 -> 0.011986301 | N17: 固定費 | O17: 削減検討対象
B18: 深夜手当 | C18: =G64 -> 10000000 | D18: =C18/$C$12 -> 0.034246575 | N18: 固定費
B19: 法定福利費 | C19: =IF(I19>0,I19,ROUND(C16*G19,0)) -> 3000000 | D19: =C19/$C$12 -> 0.010273973 | F19: 人件費（基本分）の ％指定 | G19: 0.15 | H19: または 金額指定 | N19: 固定費
B20: 販売管理費 | C20: =SUM(C21:C27) -> 109480000 | D20: =C20/$C$12 -> 0.37493151
B21: リネン費 | C21: =IF(I21>0,I21,ROUND($C$12*G21,0)) -> 13000000 | D21: =C21/$C$12 -> 0.044520548 | F21: 売上の ％指定 | H21: または 金額指定 | I21: 13000000 | K21: ※ 主要コスト | L21: =ROUND(C21/$J$7,0) -> 445 | M21: ／室 | N21: 室数に応じた変動費
B22: アメニティ費 | C22: =IF(I22>0,I22,ROUND($C$12*G22,0)) -> 17000000 | D22: =C22/$C$12 -> 0.058219178 | F22: 売上の ％指定 | H22: または 金額指定 | I22: 17000000 | K22: ※ 主要コスト | L22: =ROUND(C22/$J$7,0) -> 582 | M22: ／室 | N22: 室数に応じた変動費
B23: 客室清掃費 | C23: =IF(I23>0,I23,ROUND($C$12*G23,0)) -> 24000000 | D23: =C23/$C$12 -> 0.082191781 | F23: 売上の ％指定 | H23: または 金額指定 | I23: 24000000 | K23: ※ 主要コスト | L23: =ROUND(C23/$J$7,0) -> 822 | M23: ／室 | N23: 室数に応じた変動費
B24: 販売手数料 | C24: =IF(I24>0,I24,ROUND($C$12*G24,0)) -> 32120000 | D24: =C24/$C$12 -> 0.11 | F24: 売上の ％指定 | G24: 0.11 | H24: または 金額指定 | K24: ※ 主要コスト | L24: =ROUND(C24/$J$7,0) -> 1100 | M24: ／室 | N24: 売上に応じた変動費
B25: 水道光熱費 | C25: =IF(I25>0,I25,ROUND($C$12*G25,0)) -> 17520000 | D25: =C25/$C$12 -> 0.06 | F25: 売上の ％指定 | G25: 0.06 | H25: または 金額指定 | L25: =ROUND(C25/$J$7,0) -> 600 | M25: ／室 | N25: 室数に応じた変動費
B26: 広告宣伝費 | C26: =IF(I26>0,I26,ROUND($C$12*G26,0)) -> 2920000 | D26: =C26/$C$12 -> 0.01 | F26: 売上の ％指定 | G26: 0.01 | H26: または 金額指定 | L26: =ROUND(C26/$J$7,0) -> 100 | M26: ／室 | N26: 売上に応じた変動費
B27: その他の費用 | C27: =IF(I27>0,I27,ROUND($C$12*G27,0)) -> 2920000 | D27: =C27/$C$12 -> 0.01 | F27: 売上の ％指定 | G27: 0.01 | H27: または 金額指定 | L27: =ROUND(C27/$J$7,0) -> 100 | M27: ／室 | N27: 売上に応じた変動費
B29: GOP | C29: =C12-SUM(C15,C20) -> 146020000 | D29: =C29/$C$12 -> 0.50006849
B31: その他費用1（変動） | C31: =$C$12*G31 -> 0 | D31: =C31/$C$12 -> 0 | F31: 売上の ％指定 | J31: 備考 | N31: 売上に応じた変動費
B32: その他費用2（変動） | C32: =$C$12*G32 -> 0 | D32: =C32/$C$12 -> 0 | F32: 売上の ％指定 | J32: 備考 | N32: 売上に応じた変動費
B33: その他費用3（変動） | C33: =$C$12*G33 -> 0 | D33: =C33/$C$12 -> 0 | F33: 売上の ％指定 | J33: 備考 | N33: 売上に応じた変動費
B34: その他費用1（固定） | C34: =I34 -> 0 | D34: =C34/$C$12 -> 0 | H34: 金額指定 | J34: 備考 | N34: 固定費
B35: その他費用2（固定） | C35: =I35 -> 0 | D35: =C35/$C$12 -> 0 | H35: 金額指定 | J35: 備考 | N35: 固定費
B36: その他費用3（固定） | C36: =I36 -> 0 | D36: =C36/$C$12 -> 0 | H36: 金額指定 | J36: 備考 | N36: 固定費
B38: 営業利益 | C38: =C29-SUM(C31:C36) -> 146020000 | D38: =C38/$C$12 -> 0.50006849
B42: 人件費 （基本分） | C42: 以下の３つの計算式のうち妥当なものを選択してください。 | F42: 1 | G42: =VLOOKUP(F42,C44:J46,8,FALSE) -> 20000000 | I42: ※ 人件費には通勤手当を含み法定福利費を含まないものとする
C44: 1 | D44: 実際の金額や固定的な金額を設定する | F44: 20000000 | J44: =F44 -> 20000000
C45: 2 | D45: 人件費率から概算を計算する | F45: 0.1 | J45: =ROUND(F45*C12,0) -> 29200000
C46: 3 | D46: 役職別設定単価と人数から試算する | H46: 合計 | I46: =I51+I56/N53 -> 10 | J46: =SUM(J47:J55) -> 33970000
E47: 管理職1 | F47: 年間給与想定額 | G47: 4000000 | H47: 雇用人数 | I47: 1 | J47: =G47*I47 -> 4000000 | L47: 以下はFTE（Full Time Equivalent）を計算する場合に設定してください。
E48: 管理職2 | F48: 年間給与想定額 | H48: 雇用人数 | J48: =G48*I48 -> 0 | L48: FTEとは社員（正確にはフルタイム勤務者）換算の労働者数です。
E49: 管理職3 | F49: 年間給与想定額 | H49: 雇用人数 | J49: =G49*I49 -> 0 | L49: パートタイマー（一般に言うパート・アルバイト）のように、
E50: 一般職 | F50: 年間給与想定額 | G50: 3330000 | H50: 雇用人数 | I50: 9 | J50: =G50*I50 -> 29970000 | L50: １日当たりの労働時間や年間労働日数が少ないスタッフがいる場合、
H51: 小計 | I51: =SUM(I47:I50) -> 10 | J51: 人 | L51: 雇用人数そのものを比較することは生産性の議論には適していません。
E52: パート1 | F52: 時給 | H52: 労働時間合計 | J52: =G52*I52 -> 0
E53: パート2 | F53: 時給 | H53: 労働時間合計 | J53: =G53*I53 -> 0 | L53: 社員1名あたり年間労働時間 | N53: =L55*(G7-M55-N55) -> 2470
E54: アルバイト1 | F54: 時給 | H54: 労働時間合計 | J54: =G54*I54 -> 0 | L54: 1日の労働時間 | M54: 年間公休数 | N54: 年間有給取得数
E55: アルバイト2 | F55: 時給 | H55: 労働時間合計 | J55: =G55*I55 -> 0 | L55: 10 | M55: 108 | N55: 10
H56: 小計 | I56: =SUM(I52:I55) -> 0 | J56: 時間
B58: 人件費 （時間外分） | C58: 以下の３つの計算式のうち妥当なものを選択してください。 | F58: 1 | G58: =VLOOKUP(F58,C60:N62,12,FALSE) -> 3500000 | I58: ※ 人件費（基本分）に時間外手当を含む場合は入力不要
C60: 1 | D60: 実際の金額や固定的な金額を設定する | G60: 3500000 | N60: =G60 -> 3500000
C61: 2 | D61: 人件費率から概算を計算する | G61: 0.012 | N61: =ROUND(G61*C12,0) -> 3504000
C62: 3 | D62: 単価と人数から試算する | F62: 想定時給 | G62: 2500 | H62: 想定時間／日 | I62: 1 | J62: 想定日数 | K62: 150 | L62: 想定人数 | M62: 12 | N62: =G62*I62*K62*M62 -> 4500000
B64: 人件費 （深夜分） | C64: 以下の３つの計算式のうち妥当なものを選択してください。 | F64: 1 | G64: =VLOOKUP(F64,C66:N68,12,FALSE) -> 10000000 | I64: ※ 人件費（基本分）に時間外手当を含む場合は入力不要
C66: 1 | D66: 実際の金額や固定的な金額を設定する | G66: 10000000 | N66: =G66 -> 10000000
C67: 2 | D67: 人件費率から概算を計算する | G67: 0.035 | N67: =ROUND(G67*C12,0) -> 10220000
C68: 3 | D68: 単価と人数から試算する | F68: 想定時給 | G68: 2500 | H68: 想定時間／日 | I68: 7 | J68: 想定日数 | K68: =G7 -> 365 | L68: 想定人数 | M68: 2 | N68: =G68*I68*K68*M68 -> 12775000

Sheet 111 LS CS1
A1: << | B1: Hotel PL Simulator / Limited Service or Rooms Division Only Version / Case1 | O1: =index!$C$7 -> Sample Hotel
A3: 以下の数値は試算用に、前年実績から変更したい個所を入力してください。現状のADRやOCCのみの変更もできますし、費用を修正してみて厳密な比較も可能です。 | N3: 更新日： | O3: =DATE(index!$J$7,index!$L$7,index!$N$7) -> 44635
B4: ケース名 | C4: ADR 1%改善
B6: 客室総数 | C6: ='101 LS LY'!C6 -> 100 | D6: 室
B7: 年間稼働率 | C7: =IF(E7>0,E7,'101 LS LY'!C7) -> 0.8 | D7: → 修正する場合 | F7: 営業日数 | G7: ='101 LS LY'!G7 -> 365 | I7: 年間販売室数 | J7: =IF(L7>0,L7,ROUND(C6*G7*C7,0)) -> 29200 | K7: → 修正する場合 | M7: （修正値をL7セルに入力すると年間販売室数が上書きされます）
B8: ADR | C8: =IF(E8>0,E8,'101 LS LY'!C8) -> 10100 | D8: → 修正する場合 | E8: 10100
B10: 客室売上 | C10: =C8*J7 -> 294920000
B11: その他売上 | C11: 0
B12: 宿泊部門売上合計 | C12: =C10+C11 -> 294920000
C14: 金額 | D14: 売上対比
B15: 人件費 | C15: =SUM(C16:C19) -> 36500000 | D15: =C15/$C$12 -> 0.12376238 | F15: ※ 人件費は「客室数（厳密には年間販売室数）に比例した費用」と考えますので、単体ホテルにおいては客室数の変動はほぼないため固定費として扱います。 | N15: 固定費
B16: 基本分 | C16: =G42 -> 20000000 | D16: =C16/$C$12 -> 0.067815001 | F16: 人件費は計算にいくつかの方法を用意していますので、ページ下部を参照してください。 | N16: 固定費
B17: 時間外手当 | C17: =G58 -> 3500000 | D17: =C17/$C$12 -> 0.011867625 | N17: 固定費 | O17: 削減検討対象
B18: 深夜手当 | C18: =G64 -> 10000000 | D18: =C18/$C$12 -> 0.0339075 | N18: 固定費
B19: 法定福利費 | C19: =IF(I19>0,I19,ROUND(C16*G19,0)) -> 3000000 | D19: =C19/$C$12 -> 0.01017225 | F19: 人件費（基本分）の ％指定 | G19: 0.15 | H19: または 金額指定 | N19: 固定費
B20: 販売管理費 | C20: =SUM(C21:C27) -> 109850400 | D20: =C20/$C$12 -> 0.37247525
B21: リネン費 | C21: =$J$7*IF(J21>0,J21,G21) -> 12994000 | D21: =C21/$C$12 -> 0.044059406 | F21: ※ 主要コスト | G21: ='101 LS LY'!L21 -> 445 | H21: ／室 （前年） | I21: 単価を変更する場合 | N21: 室数に応じた変動費
B22: アメニティ費 | C22: =$J$7*IF(J22>0,J22,G22) -> 16994400 | D22: =C22/$C$12 -> 0.057623762 | F22: ※ 主要コスト | G22: ='101 LS LY'!L22 -> 582 | H22: ／室 （前年） | I22: 単価を変更する場合 | N22: 室数に応じた変動費
B23: 客室清掃費 | C23: =MAX($J$7,M23)*IF(J23>0,J23,G23) -> 24002400 | D23: =C23/$C$12 -> 0.081386139 | F23: ※ 主要コスト | G23: ='101 LS LY'!L23 -> 822 | H23: ／室 （前年） | I23: 単価を変更する場合 | K23: 最低稼働保証 | L23: 0.4 | M23: =C6*G7*L23 -> 14600 | N23: 室数に応じた変動費
B24: 販売手数料 | C24: =G70 -> 32441200 | D24: =C24/$C$12 -> 0.11 | F24: ※ 主要コスト | G24: ='101 LS LY'!L24 -> 1100 | H24: ／室 （前年） | I24: ※ 手数料率を見直す場合はページ下部を確認してください。 | N24: 売上に応じた変動費
B25: 水道光熱費 | C25: =$J$7*IF(J25>0,J25,G25) -> 17520000 | D25: =C25/$C$12 -> 0.059405941 | G25: ='101 LS LY'!L25 -> 600 | H25: ／室 （前年） | I25: 単価を変更する場合 | N25: 室数に応じた変動費
B26: 広告宣伝費 | C26: =IF(I26>0,I26,ROUND($C$12*G26,0)) -> 2949200 | D26: =C26/$C$12 -> 0.01 | F26: 売上の ％指定 | G26: 0.01 | H26: または 金額指定 | N26: 売上に応じた変動費
B27: その他の費用 | C27: =IF(I27>0,I27,ROUND($C$12*G27,0)) -> 2949200 | D27: =C27/$C$12 -> 0.01 | F27: 売上の ％指定 | G27: 0.01 | H27: または 金額指定 | N27: 売上に応じた変動費
B29: GOP | C29: =C12-SUM(C15,C20) -> 148569600 | D29: =C29/$C$12 -> 0.50376238
B31: その他費用1（変動） | C31: =$C$12*G31 -> 0 | D31: =C31/$C$12 -> 0 | F31: 売上の ％指定 | J31: 備考 | K31: - | N31: 売上に応じた変動費
B32: その他費用2（変動） | C32: =$C$12*G32 -> 0 | D32: =C32/$C$12 -> 0 | F32: 売上の ％指定 | J32: 備考 | K32: - | N32: 売上に応じた変動費
B33: その他費用3（変動） | C33: =$C$12*G33 -> 0 | D33: =C33/$C$12 -> 0 | F33: 売上の ％指定 | J33: 備考 | K33: - | N33: 売上に応じた変動費
B34: その他費用1（固定） | C34: =I34 -> 0 | D34: =C34/$C$12 -> 0 | H34: 金額指定 | J34: 備考 | K34: - | N34: 固定費
B35: その他費用2（固定） | C35: =I35 -> 0 | D35: =C35/$C$12 -> 0 | H35: 金額指定 | J35: 備考 | K35: - | N35: 固定費
B36: その他費用3（固定） | C36: =I36 -> 0 | D36: =C36/$C$12 -> 0 | H36: 金額指定 | J36: 備考 | K36: - | N36: 固定費
B38: 営業利益 | C38: =C29-SUM(C31:C36) -> 148569600 | D38: =C38/$C$12 -> 0.50376238
B42: 人件費 （基本分） | C42: 以下の３つの計算式のうち妥当なものを選択してください。 | F42: ='101 LS LY'!F42 -> 1 | G42: =VLOOKUP(F42,C44:J46,8,FALSE) -> 20000000 | I42: ※ 人件費には通勤手当を含み法定福利費を含まないものとする
C44: 1 | D44: 実際の金額や固定的な金額を設定する | F44: 20000000 | J44: =F44 -> 20000000
C45: 2 | D45: 人件費率から概算を計算する | F45: 0.1 | J45: =ROUND(F45*C12,0) -> 29492000
C46: 3 | D46: 役職別設定単価と人数から試算する | H46: 合計 | I46: =I51+I56/'101 LS LY'!N53 -> 10 | J46: =SUM(J47:J55) -> 29970000
E47: 管理職1 | F47: 年間給与想定額 | H47: 雇用人数 | I47: 1 | J47: =G47*I47 -> 0
E48: 管理職2 | F48: 年間給与想定額 | H48: 雇用人数 | J48: =G48*I48 -> 0
E49: 管理職3 | F49: 年間給与想定額 | H49: 雇用人数 | J49: =G49*I49 -> 0
E50: 一般職 | F50: 年間給与想定額 | G50: 3330000 | H50: 雇用人数 | I50: 9 | J50: =G50*I50 -> 29970000
H51: 小計 | I51: =SUM(I47:I50) -> 10 | J51: 人
E52: パート1 | F52: 時給 | H52: 労働時間合計 | J52: =G52*I52 -> 0
E53: パート2 | F53: 時給 | H53: 労働時間合計 | J53: =G53*I53 -> 0
E54: アルバイト1 | F54: 時給 | H54: 労働時間合計 | J54: =G54*I54 -> 0
E55: アルバイト2 | F55: 時給 | H55: 労働時間合計 | J55: =G55*I55 -> 0
H56: 小計 | I56: =SUM(I52:I55) -> 0 | J56: 時間
B58: 人件費 （時間外分） | C58: 以下の３つの計算式のうち妥当なものを選択してください。 | F58: ='101 LS LY'!F58 -> 1 | G58: =VLOOKUP(F58,C60:N62,12,FALSE) -> 3500000 | I58: ※ 人件費（基本分）に時間外手当を含む場合は入力不要
C60: 1 | D60: 実際の金額や固定的な金額を設定する | G60: 3500000 | N60: =G60 -> 3500000
C61: 2 | D61: 人件費率から概算を計算する | G61: 0.012 | N61: =ROUND(G61*C12,0) -> 3539040
C62: 3 | D62: 単価と人数から試算する | F62: 想定時給 | G62: 2500 | H62: 想定時間／日 | I62: 1 | J62: 想定日数 | K62: 150 | L62: 想定人数 | M62: 12 | N62: =G62*I62*K62*M62 -> 4500000
B64: 人件費 （深夜分） | C64: 以下の３つの計算式のうち妥当なものを選択してください。 | F64: ='101 LS LY'!F64 -> 1 | G64: =VLOOKUP(F64,C66:N68,12,FALSE) -> 10000000 | I64: ※ 人件費（基本分）に時間外手当を含む場合は入力不要
C66: 1 | D66: 実際の金額や固定的な金額を設定する | G66: 10000000 | N66: =G66 -> 10000000
C67: 2 | D67: 人件費率から概算を計算する | G67: 0.035 | N67: =ROUND(G67*C12,0) -> 10322200
C68: 3 | D68: 単価と人数から試算する | F68: 想定時給 | G68: 2500 | H68: 想定時間／日 | I68: 7 | J68: 想定日数 | K68: =G7 -> 365 | L68: 想定人数 | M68: 2 | N68: =G68*I68*K68*M68 -> 12775000
B70: 送客手数料 | C70: 以下の２つの計算式のうち妥当なものを選択してください。 | F70: 1 | G70: =VLOOKUP(F70,C72:N73,12,FALSE) -> 32441200 | I70: ※ 人件費（基本分）に時間外手当を含む場合は入力不要
C72: 1 | D72: 前年の手数料率を使用する | G72: ='101 LS LY'!D24 -> 0.11 | N72: =G72*C12 -> 32441200 | O72: =N72/$C$10 -> 0.11
C73: 2 | D73: 手数料を試算する | F73: 室数比率 | G73: 室数 | H73: 手数料率 | I73: 手数料 | J73: ADR | K73: ↓ 修正する場合 | L73: 室料売上 | N73: =I99 -> 36575920 | O73: =N73/$C$10 -> 0.1240198
D74: 1 | E74: 自社サイト | F74: 0.1 | G74: =ROUND(F74*$J$7,0) -> 2920 | H74: 0.02 | I74: =ROUND(H74*L74,0) -> 525600 | J74: =IF(G74>0,IF(K74>0,K74,$C$8),"") -> 9000 | K74: 9000 | L74: =IFERROR(J74*G74,0) -> 26280000
D75: 2 | E75: 国内OTA 楽天 | G75: =ROUND(F75*$J$7,0) -> 0 | I75: =ROUND(H75*L75,0) -> 0 | J75: =IF(G75>0,IF(K75>0,K75,$C$8),"") | L75: =IFERROR(J75*G75,0) -> 0
D76: 3 | E76: 国内OTA じゃらん | G76: =ROUND(F76*$J$7,0) -> 0 | I76: =ROUND(H76*L76,0) -> 0 | J76: =IF(G76>0,IF(K76>0,K76,$C$8),"") | L76: =IFERROR(J76*G76,0) -> 0
D77: 4 | E77: 国内OTA 一休 | G77: =ROUND(F77*$J$7,0) -> 0 | I77: =ROUND(H77*L77,0) -> 0 | J77: =IF(G77>0,IF(K77>0,K77,$C$8),"") | L77: =IFERROR(J77*G77,0) -> 0
D78: 5 | E78: 国内OTA その他 | F78: 0.3 | G78: =ROUND(F78*$J$7,0) -> 8760 | H78: 0.1 | I78: =ROUND(H78*L78,0) -> 8847600 | J78: =IF(G78>0,IF(K78>0,K78,$C$8),"") -> 10100 | L78: =IFERROR(J78*G78,0) -> 88476000
D79: 6 | E79: 海外OTA Agoda | G79: =ROUND(F79*$J$7,0) -> 0 | I79: =ROUND(H79*L79,0) -> 0 | J79: =IF(G79>0,IF(K79>0,K79,$C$8),"") | L79: =IFERROR(J79*G79,0) -> 0
D80: 7 | E80: 海外OTA Booking | G80: =ROUND(F80*$J$7,0) -> 0 | I80: =ROUND(H80*L80,0) -> 0 | J80: =IF(G80>0,IF(K80>0,K80,$C$8),"") | L80: =IFERROR(J80*G80,0) -> 0
D81: 8 | E81: 海外OTA C-trip | G81: =ROUND(F81*$J$7,0) -> 0 | I81: =ROUND(H81*L81,0) -> 0 | J81: =IF(G81>0,IF(K81>0,K81,$C$8),"") | L81: =IFERROR(J81*G81,0) -> 0
D82: 9 | E82: 海外OTA Expedia | G82: =ROUND(F82*$J$7,0) -> 0 | I82: =ROUND(H82*L82,0) -> 0 | J82: =IF(G82>0,IF(K82>0,K82,$C$8),"") | L82: =IFERROR(J82*G82,0) -> 0
D83: 10 | E83: 海外OTA その他 | F83: 0.2 | G83: =ROUND(F83*$J$7,0) -> 5840 | H83: 0.19 | I83: =ROUND(H83*L83,0) -> 13315200 | J83: =IF(G83>0,IF(K83>0,K83,$C$8),"") -> 12000 | K83: 12000 | L83: =IFERROR(J83*G83,0) -> 70080000
D84: 11 | E84: 国内AGT 個人 | F84: 0.1 | G84: =ROUND(F84*$J$7,0) -> 2920 | H84: 0.16 | I84: =ROUND(H84*L84,0) -> 4718720 | J84: =IF(G84>0,IF(K84>0,K84,$C$8),"") -> 10100 | L84: =IFERROR(J84*G84,0) -> 29492000
D85: 12 | E85: 海外AGT 個人 | G85: =ROUND(F85*$J$7,0) -> 0 | I85: =ROUND(H85*L85,0) -> 0 | J85: =IF(G85>0,IF(K85>0,K85,$C$8),"") | L85: =IFERROR(J85*G85,0) -> 0
D86: 13 | E86: ‐ | G86: =ROUND(F86*$J$7,0) -> 0 | I86: =ROUND(H86*L86,0) -> 0 | J86: =IF(G86>0,IF(K86>0,K86,$C$8),"") | L86: =IFERROR(J86*G86,0) -> 0
D87: 14 | E87: ‐ | G87: =ROUND(F87*$J$7,0) -> 0 | I87: =ROUND(H87*L87,0) -> 0 | J87: =IF(G87>0,IF(K87>0,K87,$C$8),"") | L87: =IFERROR(J87*G87,0) -> 0
D88: 15 | E88: 個人 その他 | F88: =1-SUM(F74:F87,F89:F98) -> 0.1 | G88: =J7-SUM(G74:G87,G89:G98) -> 2920 | H88: 0.05 | I88: =ROUND(H88*L88,0) -> 1693600 | J88: =IFERROR(L88/G88,"Error") -> 11600 | L88: =C10-SUM(L74:L87,L89:L98) -> 33872000
D89: 16 | E89: 団体 国内募集旅行 | G89: =ROUND(F89*$J$7,0) -> 0 | I89: =ROUND(H89*L89,0) -> 0 | J89: =IF(G89>0,IF(K89>0,K89,$C$8),"") | L89: =IFERROR(J89*G89,0) -> 0
D90: 17 | E90: 団体 国内その他 | F90: 0.2 | G90: =ROUND(F90*$J$7,0) -> 5840 | H90: 0.16 | I90: =ROUND(H90*L90,0) -> 7475200 | J90: =IF(G90>0,IF(K90>0,K90,$C$8),"") -> 8000 | K90: 8000 | L90: =IFERROR(J90*G90,0) -> 46720000
D91: 18 | E91: 団体 インバウンド | G91: =ROUND(F91*$J$7,0) -> 0 | I91: =ROUND(H91*L91,0) -> 0 | J91: =IF(G91>0,IF(K91>0,K91,$C$8),"") | L91: =IFERROR(J91*G91,0) -> 0
D92: 19 | E92: 団体 インバウンド | G92: =ROUND(F92*$J$7,0) -> 0 | I92: =ROUND(H92*L92,0) -> 0 | J92: =IF(G92>0,IF(K92>0,K92,$C$8),"") | L92: =IFERROR(J92*G92,0) -> 0
D93: 20 | E93: ‐ | G93: =ROUND(F93*$J$7,0) -> 0 | I93: =ROUND(H93*L93,0) -> 0 | J93: =IF(G93>0,IF(K93>0,K93,$C$8),"") | L93: =IFERROR(J93*G93,0) -> 0
D94: 21 | E94: ‐ | G94: =ROUND(F94*$J$7,0) -> 0 | I94: =ROUND(H94*L94,0) -> 0 | J94: =IF(G94>0,IF(K94>0,K94,$C$8),"") | L94: =IFERROR(J94*G94,0) -> 0
D95: 22 | E95: ‐ | G95: =ROUND(F95*$J$7,0) -> 0 | I95: =ROUND(H95*L95,0) -> 0 | J95: =IF(G95>0,IF(K95>0,K95,$C$8),"") | L95: =IFERROR(J95*G95,0) -> 0
D96: 23 | E96: ‐ | G96: =ROUND(F96*$J$7,0) -> 0 | I96: =ROUND(H96*L96,0) -> 0 | J96: =IF(G96>0,IF(K96>0,K96,$C$8),"") | L96: =IFERROR(J96*G96,0) -> 0
D97: 24 | E97: ‐ | G97: =ROUND(F97*$J$7,0) -> 0 | I97: =ROUND(H97*L97,0) -> 0 | J97: =IF(G97>0,IF(K97>0,K97,$C$8),"") | L97: =IFERROR(J97*G97,0) -> 0
D98: 25 | E98: 団体 その他 | G98: =ROUND(F98*$J$7,0) -> 0 | I98: =ROUND(H98*L98,0) -> 0 | J98: =IF(G98>0,IF(K98>0,K98,$C$8),"") | L98: =IFERROR(J98*G98,0) -> 0
F99: =SUM(F74:F98) -> 1 | G99: =SUM(G74:G98) -> 29200 | H99: =IFERROR(I99/L99,0) -> 0.1240198 | I99: =SUM(I74:I98) -> 36575920 | J99: =C8 -> 10100 | L99: =SUM(L74:L98) -> 294920000
D101: ※ 室数比率は全体に占める室数の割合を記入
D102: ※ 手数料率にはクレジットカード手数料も含めること（現金支払いは考慮しないで全てをカード払いとして設定することを推奨）

Sheet 112 LS CS2
A1: << | B1: Hotel PL Simulator / Limited Service or Rooms Division Only Version / Case2 | O1: =index!$C$7 -> Sample Hotel
A3: 以下の数値は試算用に、前年実績から変更したい個所を入力してください。現状のADRやOCCのみの変更もできますし、費用を修正してみて厳密な比較も可能です。 | N3: 更新日： | O3: =DATE(index!$J$7,index!$L$7,index!$N$7) -> 44635
B4: ケース名 | C4: 販売室数 1%改善
B6: 客室総数 | C6: ='101 LS LY'!C6 -> 100 | D6: 室
B7: 年間稼働率 | C7: =IF(E7>0,E7,'101 LS LY'!C7) -> 0.80801369 | D7: → 修正する場合 | E7: 0.80801369 | F7: 営業日数 | G7: ='111 LS CS1'!G7 -> 365 | I7: 年間販売室数 | J7: =IF(L7>0,L7,ROUND(C6*G7*C7,0)) -> 29492 | K7: → 修正する場合 | L7: ='111 LS CS1'!L7 -> 0 | M7: （修正値をL7セルに入力すると年間販売室数が上書きされます）
B8: ADR | C8: =IF(E8>0,E8,'101 LS LY'!C8) -> 10000 | D8: → 修正する場合
B10: 客室売上 | C10: =C8*J7 -> 294920000
B11: その他売上 | C11: 0
B12: 宿泊部門売上合計 | C12: =C10+C11 -> 294920000
C14: 金額 | D14: 売上対比
B15: 人件費 | C15: =SUM(C16:C19) -> 36500000 | D15: =C15/$C$12 -> 0.12376238 | F15: ※ 人件費は「客室数（厳密には年間販売室数）に比例した費用」と考えますので、単体ホテルにおいては客室数の変動はほぼないため固定費として扱います。 | N15: 固定費
B16: 基本分 | C16: =G42 -> 20000000 | D16: =C16/$C$12 -> 0.067815001 | F16: 人件費は計算にいくつかの方法を用意していますので、ページ下部を参照してください。 | N16: 固定費
B17: 時間外手当 | C17: =G58 -> 3500000 | D17: =C17/$C$12 -> 0.011867625 | N17: 固定費 | O17: 削減検討対象
B18: 深夜手当 | C18: =G64 -> 10000000 | D18: =C18/$C$12 -> 0.0339075 | N18: 固定費
B19: 法定福利費 | C19: =IF(I19>0,I19,ROUND(C16*G19,0)) -> 3000000 | D19: =C19/$C$12 -> 0.01017225 | F19: 人件費（基本分）の ％指定 | G19: ='111 LS CS1'!G19 -> 0.15 | H19: または 金額指定 | I19: ='111 LS CS1'!I19 -> 0 | N19: 固定費
B20: 販売管理費 | C20: =SUM(C21:C27) -> 110565508 | D20: =C20/$C$12 -> 0.3749
B21: リネン費 | C21: =$J$7*IF(J21>0,J21,G21) -> 13123940 | D21: =C21/$C$12 -> 0.0445 | F21: ※ 主要コスト | G21: ='101 LS LY'!L21 -> 445 | H21: ／室 （前年） | I21: 単価を変更する場合 | J21: ='111 LS CS1'!J21 -> 0 | N21: 室数に応じた変動費
B22: アメニティ費 | C22: =$J$7*IF(J22>0,J22,G22) -> 17164344 | D22: =C22/$C$12 -> 0.0582 | F22: ※ 主要コスト | G22: ='101 LS LY'!L22 -> 582 | H22: ／室 （前年） | I22: 単価を変更する場合 | J22: ='111 LS CS1'!J22 -> 0 | N22: 室数に応じた変動費
B23: 客室清掃費 | C23: =MAX($J$7,M23)*IF(J23>0,J23,G23) -> 24242424 | D23: =C23/$C$12 -> 0.0822 | F23: ※ 主要コスト | G23: ='101 LS LY'!L23 -> 822 | H23: ／室 （前年） | I23: 単価を変更する場合 | J23: ='111 LS CS1'!J23 -> 0 | K23: 最低稼働保証 | L23: ='111 LS CS1'!L23 -> 0.4 | M23: =C6*G7*L23 -> 14600 | N23: 室数に応じた変動費
B24: 販売手数料 | C24: =G70 -> 32441200 | D24: =C24/$C$12 -> 0.11 | F24: ※ 主要コスト | G24: ='101 LS LY'!L24 -> 1100 | H24: ／室 （前年） | I24: ※ 手数料率を見直す場合はページ下部を確認してください。 | N24: 売上に応じた変動費
B25: 水道光熱費 | C25: =$J$7*IF(J25>0,J25,G25) -> 17695200 | D25: =C25/$C$12 -> 0.06 | G25: ='101 LS LY'!L25 -> 600 | H25: ／室 （前年） | I25: 単価を変更する場合 | J25: ='111 LS CS1'!J25 -> 0 | N25: 室数に応じた変動費
B26: 広告宣伝費 | C26: =IF(I26>0,I26,ROUND($C$12*G26,0)) -> 2949200 | D26: =C26/$C$12 -> 0.01 | F26: 売上の ％指定 | G26: ='111 LS CS1'!G26 -> 0.01 | H26: または 金額指定 | I26: ='111 LS CS1'!I26 -> 0 | N26: 売上に応じた変動費
B27: その他の費用 | C27: =IF(I27>0,I27,ROUND($C$12*G27,0)) -> 2949200 | D27: =C27/$C$12 -> 0.01 | F27: 売上の ％指定 | G27: ='111 LS CS1'!G27 -> 0.01 | H27: または 金額指定 | I27: ='111 LS CS1'!I27 -> 0 | N27: 売上に応じた変動費
B29: GOP | C29: =C12-SUM(C15,C20) -> 147854492 | D29: =C29/$C$12 -> 0.50133762
B31: その他費用1（変動） | C31: =$C$12*G31 -> 0 | D31: =C31/$C$12 -> 0 | F31: 売上の ％指定 | G31: ='111 LS CS1'!G31 -> 0 | J31: 備考 | K31: ='111 LS CS1'!K31 -> - | N31: 売上に応じた変動費
B32: その他費用2（変動） | C32: =$C$12*G32 -> 0 | D32: =C32/$C$12 -> 0 | F32: 売上の ％指定 | G32: ='111 LS CS1'!G32 -> 0 | J32: 備考 | K32: ='111 LS CS1'!K32 -> - | N32: 売上に応じた変動費
B33: その他費用3（変動） | C33: =$C$12*G33 -> 0 | D33: =C33/$C$12 -> 0 | F33: 売上の ％指定 | G33: ='111 LS CS1'!G33 -> 0 | J33: 備考 | K33: ='111 LS CS1'!K33 -> - | N33: 売上に応じた変動費
B34: その他費用1（固定） | C34: =I34 -> 0 | D34: =C34/$C$12 -> 0 | H34: 金額指定 | I34: ='111 LS CS1'!I34 -> 0 | J34: 備考 | K34: ='111 LS CS1'!K34 -> - | N34: 固定費
B35: その他費用2（固定） | C35: =I35 -> 0 | D35: =C35/$C$12 -> 0 | H35: 金額指定 | I35: ='111 LS CS1'!I35 -> 0 | J35: 備考 | K35: ='111 LS CS1'!K35 -> - | N35: 固定費
B36: その他費用3（固定） | C36: =I36 -> 0 | D36: =C36/$C$12 -> 0 | H36: 金額指定 | I36: ='111 LS CS1'!I36 -> 0 | J36: 備考 | K36: ='111 LS CS1'!K36 -> - | N36: 固定費
B38: 営業利益 | C38: =C29-SUM(C31:C36) -> 147854492 | D38: =C38/$C$12 -> 0.50133762
B42: 人件費 （基本分） | C42: 以下の３つの計算式のうち妥当なものを選択してください。 | F42: ='111 LS CS1'!F42 -> 1 | G42: =VLOOKUP(F42,C44:J46,8,FALSE) -> 20000000 | I42: ※ 人件費には通勤手当を含み法定福利費を含まないものとする
C44: 1 | D44: 実際の金額や固定的な金額を設定する | F44: 20000000 | J44: =F44 -> 20000000
C45: 2 | D45: 人件費率から概算を計算する | F45: ='111 LS CS1'!F45 -> 0.1 | J45: =ROUND(F45*C12,0) -> 29492000
C46: 3 | D46: 役職別設定単価と人数から試算する | H46: 合計 | I46: =I51+I56/'101 LS LY'!N53 -> 10 | J46: =SUM(J47:J55) -> 29970000
E47: 管理職1 | F47: 年間給与想定額 | H47: 雇用人数 | I47: ='111 LS CS1'!I47 -> 1 | J47: =G47*I47 -> 0
E48: 管理職2 | F48: 年間給与想定額 | G48: ='111 LS CS1'!G48 -> 0 | H48: 雇用人数 | I48: ='111 LS CS1'!I48 -> 0 | J48: =G48*I48 -> 0
E49: 管理職3 | F49: 年間給与想定額 | G49: ='111 LS CS1'!G49 -> 0 | H49: 雇用人数 | I49: ='111 LS CS1'!I49 -> 0 | J49: =G49*I49 -> 0
E50: 一般職 | F50: 年間給与想定額 | G50: ='111 LS CS1'!G50 -> 3330000 | H50: 雇用人数 | I50: ='111 LS CS1'!I50 -> 9 | J50: =G50*I50 -> 29970000
H51: 小計 | I51: =SUM(I47:I50) -> 10 | J51: 人
E52: パート1 | F52: 時給 | G52: ='111 LS CS1'!G52 -> 0 | H52: 労働時間合計 | I52: ='111 LS CS1'!I52 -> 0 | J52: =G52*I52 -> 0
E53: パート2 | F53: 時給 | G53: ='111 LS CS1'!G53 -> 0 | H53: 労働時間合計 | I53: ='111 LS CS1'!I53 -> 0 | J53: =G53*I53 -> 0
E54: アルバイト1 | F54: 時給 | G54: ='111 LS CS1'!G54 -> 0 | H54: 労働時間合計 | I54: ='111 LS CS1'!I54 -> 0 | J54: =G54*I54 -> 0
E55: アルバイト2 | F55: 時給 | G55: ='111 LS CS1'!G55 -> 0 | H55: 労働時間合計 | I55: ='111 LS CS1'!I55 -> 0 | J55: =G55*I55 -> 0
H56: 小計 | I56: =SUM(I52:I55) -> 0 | J56: 時間
B58: 人件費 （時間外分） | C58: 以下の３つの計算式のうち妥当なものを選択してください。 | F58: ='111 LS CS1'!F58 -> 1 | G58: =VLOOKUP(F58,C60:N62,12,FALSE) -> 3500000 | I58: ※ 人件費（基本分）に時間外手当を含む場合は入力不要
C60: 1 | D60: 実際の金額や固定的な金額を設定する | G60: 3500000 | N60: =G60 -> 3500000
C61: 2 | D61: 人件費率から概算を計算する | G61: ='111 LS CS1'!G61 -> 0.012 | N61: =ROUND(G61*C12,0) -> 3539040
C62: 3 | D62: 単価と人数から試算する | F62: 想定時給 | G62: ='111 LS CS1'!G62 -> 2500 | H62: 想定時間／日 | I62: ='111 LS CS1'!I62 -> 1 | J62: 想定日数 | K62: ='111 LS CS1'!K62 -> 150 | L62: 想定人数 | M62: ='111 LS CS1'!M62 -> 12 | N62: =G62*I62*K62*M62 -> 4500000
B64: 人件費 （深夜分） | C64: 以下の３つの計算式のうち妥当なものを選択してください。 | F64: ='111 LS CS1'!F64 -> 1 | G64: =VLOOKUP(F64,C66:N68,12,FALSE) -> 10000000 | I64: ※ 人件費（基本分）に時間外手当を含む場合は入力不要
C66: 1 | D66: 実際の金額や固定的な金額を設定する | G66: 10000000 | N66: =G66 -> 10000000
C67: 2 | D67: 人件費率から概算を計算する | G67: ='111 LS CS1'!G67 -> 0.035 | N67: =ROUND(G67*C12,0) -> 10322200
C68: 3 | D68: 単価と人数から試算する | F68: 想定時給 | G68: ='111 LS CS1'!G68 -> 2500 | H68: 想定時間／日 | I68: ='111 LS CS1'!I68 -> 7 | J68: 想定日数 | K68: ='111 LS CS1'!K68 -> 365 | L68: 想定人数 | M68: ='111 LS CS1'!M68 -> 2 | N68: =G68*I68*K68*M68 -> 12775000
B70: 送客手数料 | C70: 以下の２つの計算式のうち妥当なものを選択してください。 | F70: 1 | G70: =VLOOKUP(F70,C72:N73,12,FALSE) -> 32441200 | I70: ※ 人件費（基本分）に時間外手当を含む場合は入力不要
C72: 1 | D72: 前年の手数料率を使用する | G72: ='101 LS LY'!D24 -> 0.11 | N72: =G72*C12 -> 32441200 | O72: =N72/$C$10 -> 0.11
C73: 2 | D73: 手数料を試算する | F73: 室数比率 | G73: 室数 | H73: 手数料率 | I73: 手数料 | J73: ADR | K73: ↓ 修正する場合 | L73: 室料売上 | N73: =I99 -> 36716550 | O73: =N73/$C$10 -> 0.12449664
D74: 1 | E74: 自社サイト | F74: ='111 LS CS1'!F74 -> 0.1 | G74: =ROUND(F74*$J$7,0) -> 2949 | H74: ='111 LS CS1'!H74 -> 0.02 | I74: =ROUND(H74*L74,0) -> 530820 | J74: =IF(G74>0,IF(K74>0,K74,$C$8),"") -> 9000 | K74: ='111 LS CS1'!K74 -> 9000 | L74: =IFERROR(J74*G74,0) -> 26541000
D75: 2 | E75: 国内OTA 楽天 | F75: ='111 LS CS1'!F75 -> 0 | G75: =ROUND(F75*$J$7,0) -> 0 | H75: ='111 LS CS1'!H75 -> 0 | I75: =ROUND(H75*L75,0) -> 0 | J75: =IF(G75>0,IF(K75>0,K75,$C$8),"") | K75: ='111 LS CS1'!K75 -> 0 | L75: =IFERROR(J75*G75,0) -> 0
D76: 3 | E76: 国内OTA じゃらん | F76: ='111 LS CS1'!F76 -> 0 | G76: =ROUND(F76*$J$7,0) -> 0 | H76: ='111 LS CS1'!H76 -> 0 | I76: =ROUND(H76*L76,0) -> 0 | J76: =IF(G76>0,IF(K76>0,K76,$C$8),"") | K76: ='111 LS CS1'!K76 -> 0 | L76: =IFERROR(J76*G76,0) -> 0
D77: 4 | E77: 国内OTA 一休 | F77: ='111 LS CS1'!F77 -> 0 | G77: =ROUND(F77*$J$7,0) -> 0 | H77: ='111 LS CS1'!H77 -> 0 | I77: =ROUND(H77*L77,0) -> 0 | J77: =IF(G77>0,IF(K77>0,K77,$C$8),"") | K77: ='111 LS CS1'!K77 -> 0 | L77: =IFERROR(J77*G77,0) -> 0
D78: 5 | E78: 国内OTA その他 | F78: ='111 LS CS1'!F78 -> 0.3 | G78: =ROUND(F78*$J$7,0) -> 8848 | H78: ='111 LS CS1'!H78 -> 0.1 | I78: =ROUND(H78*L78,0) -> 8848000 | J78: =IF(G78>0,IF(K78>0,K78,$C$8),"") -> 10000 | K78: ='111 LS CS1'!K78 -> 0 | L78: =IFERROR(J78*G78,0) -> 88480000
D79: 6 | E79: 海外OTA Agoda | F79: ='111 LS CS1'!F79 -> 0 | G79: =ROUND(F79*$J$7,0) -> 0 | H79: ='111 LS CS1'!H79 -> 0 | I79: =ROUND(H79*L79,0) -> 0 | J79: =IF(G79>0,IF(K79>0,K79,$C$8),"") | K79: ='111 LS CS1'!K79 -> 0 | L79: =IFERROR(J79*G79,0) -> 0
D80: 7 | E80: 海外OTA Booking | F80: ='111 LS CS1'!F80 -> 0 | G80: =ROUND(F80*$J$7,0) -> 0 | H80: ='111 LS CS1'!H80 -> 0 | I80: =ROUND(H80*L80,0) -> 0 | J80: =IF(G80>0,IF(K80>0,K80,$C$8),"") | K80: ='111 LS CS1'!K80 -> 0 | L80: =IFERROR(J80*G80,0) -> 0
D81: 8 | E81: 海外OTA C-trip | F81: ='111 LS CS1'!F81 -> 0 | G81: =ROUND(F81*$J$7,0) -> 0 | H81: ='111 LS CS1'!H81 -> 0 | I81: =ROUND(H81*L81,0) -> 0 | J81: =IF(G81>0,IF(K81>0,K81,$C$8),"") | K81: ='111 LS CS1'!K81 -> 0 | L81: =IFERROR(J81*G81,0) -> 0
D82: 9 | E82: 海外OTA Expedia | F82: ='111 LS CS1'!F82 -> 0 | G82: =ROUND(F82*$J$7,0) -> 0 | H82: ='111 LS CS1'!H82 -> 0 | I82: =ROUND(H82*L82,0) -> 0 | J82: =IF(G82>0,IF(K82>0,K82,$C$8),"") | K82: ='111 LS CS1'!K82 -> 0 | L82: =IFERROR(J82*G82,0) -> 0
D83: 10 | E83: 海外OTA その他 | F83: ='111 LS CS1'!F83 -> 0.2 | G83: =ROUND(F83*$J$7,0) -> 5898 | H83: ='111 LS CS1'!H83 -> 0.19 | I83: =ROUND(H83*L83,0) -> 13447440 | J83: =IF(G83>0,IF(K83>0,K83,$C$8),"") -> 12000 | K83: ='111 LS CS1'!K83 -> 12000 | L83: =IFERROR(J83*G83,0) -> 70776000
D84: 11 | E84: 国内AGT 個人 | F84: ='111 LS CS1'!F84 -> 0.1 | G84: =ROUND(F84*$J$7,0) -> 2949 | H84: ='111 LS CS1'!H84 -> 0.16 | I84: =ROUND(H84*L84,0) -> 4718400 | J84: =IF(G84>0,IF(K84>0,K84,$C$8),"") -> 10000 | K84: ='111 LS CS1'!K84 -> 0 | L84: =IFERROR(J84*G84,0) -> 29490000
D85: 12 | E85: 海外AGT 個人 | F85: ='111 LS CS1'!F85 -> 0 | G85: =ROUND(F85*$J$7,0) -> 0 | H85: ='111 LS CS1'!H85 -> 0 | I85: =ROUND(H85*L85,0) -> 0 | J85: =IF(G85>0,IF(K85>0,K85,$C$8),"") | K85: ='111 LS CS1'!K85 -> 0 | L85: =IFERROR(J85*G85,0) -> 0
D86: 13 | E86: ='111 LS CS1'!E86 -> ‐ | F86: ='111 LS CS1'!F86 -> 0 | G86: =ROUND(F86*$J$7,0) -> 0 | H86: ='111 LS CS1'!H86 -> 0 | I86: =ROUND(H86*L86,0) -> 0 | J86: =IF(G86>0,IF(K86>0,K86,$C$8),"") | K86: ='111 LS CS1'!K86 -> 0 | L86: =IFERROR(J86*G86,0) -> 0
D87: 14 | E87: ='111 LS CS1'!E87 -> ‐ | F87: ='111 LS CS1'!F87 -> 0 | G87: =ROUND(F87*$J$7,0) -> 0 | H87: ='111 LS CS1'!H87 -> 0 | I87: =ROUND(H87*L87,0) -> 0 | J87: =IF(G87>0,IF(K87>0,K87,$C$8),"") | K87: ='111 LS CS1'!K87 -> 0 | L87: =IFERROR(J87*G87,0) -> 0
D88: 15 | E88: ='111 LS CS1'!E88 -> 個人 その他 | F88: ='111 LS CS1'!F88 -> 0.1 | G88: =J7-SUM(G74:G87,G89:G98) -> 2950 | H88: ='111 LS CS1'!H88 -> 0.05 | I88: =ROUND(H88*L88,0) -> 1622450 | J88: =IFERROR(L88/G88,"Error") -> 10999.661 | K88: ='111 LS CS1'!K88 -> 0 | L88: =C10-SUM(L74:L87,L89:L98) -> 32449000
D89: 16 | E89: ='111 LS CS1'!E89 -> 団体 国内募集旅行 | F89: ='111 LS CS1'!F89 -> 0 | G89: =ROUND(F89*$J$7,0) -> 0 | H89: ='111 LS CS1'!H89 -> 0 | I89: =ROUND(H89*L89,0) -> 0 | J89: =IF(G89>0,IF(K89>0,K89,$C$8),"") | K89: ='111 LS CS1'!K89 -> 0 | L89: =IFERROR(J89*G89,0) -> 0
D90: 17 | E90: ='111 LS CS1'!E90 -> 団体 国内その他 | F90: ='111 LS CS1'!F90 -> 0.2 | G90: =ROUND(F90*$J$7,0) -> 5898 | H90: ='111 LS CS1'!H90 -> 0.16 | I90: =ROUND(H90*L90,0) -> 7549440 | J90: =IF(G90>0,IF(K90>0,K90,$C$8),"") -> 8000 | K90: ='111 LS CS1'!K90 -> 8000 | L90: =IFERROR(J90*G90,0) -> 47184000
D91: 18 | E91: ='111 LS CS1'!E91 -> 団体 インバウンド | F91: ='111 LS CS1'!F91 -> 0 | G91: =ROUND(F91*$J$7,0) -> 0 | H91: ='111 LS CS1'!H91 -> 0 | I91: =ROUND(H91*L91,0) -> 0 | J91: =IF(G91>0,IF(K91>0,K91,$C$8),"") | K91: ='111 LS CS1'!K91 -> 0 | L91: =IFERROR(J91*G91,0) -> 0
D92: 19 | E92: ='111 LS CS1'!E92 -> 団体 インバウンド | F92: ='111 LS CS1'!F92 -> 0 | G92: =ROUND(F92*$J$7,0) -> 0 | H92: ='111 LS CS1'!H92 -> 0 | I92: =ROUND(H92*L92,0) -> 0 | J92: =IF(G92>0,IF(K92>0,K92,$C$8),"") | K92: ='111 LS CS1'!K92 -> 0 | L92: =IFERROR(J92*G92,0) -> 0
D93: 20 | E93: ='111 LS CS1'!E93 -> ‐ | F93: ='111 LS CS1'!F93 -> 0 | G93: =ROUND(F93*$J$7,0) -> 0 | H93: ='111 LS CS1'!H93 -> 0 | I93: =ROUND(H93*L93,0) -> 0 | J93: =IF(G93>0,IF(K93>0,K93,$C$8),"") | K93: ='111 LS CS1'!K93 -> 0 | L93: =IFERROR(J93*G93,0) -> 0
D94: 21 | E94: ='111 LS CS1'!E94 -> ‐ | F94: ='111 LS CS1'!F94 -> 0 | G94: =ROUND(F94*$J$7,0) -> 0 | H94: ='111 LS CS1'!H94 -> 0 | I94: =ROUND(H94*L94,0) -> 0 | J94: =IF(G94>0,IF(K94>0,K94,$C$8),"") | K94: ='111 LS CS1'!K94 -> 0 | L94: =IFERROR(J94*G94,0) -> 0
D95: 22 | E95: ='111 LS CS1'!E95 -> ‐ | F95: ='111 LS CS1'!F95 -> 0 | G95: =ROUND(F95*$J$7,0) -> 0 | H95: ='111 LS CS1'!H95 -> 0 | I95: =ROUND(H95*L95,0) -> 0 | J95: =IF(G95>0,IF(K95>0,K95,$C$8),"") | K95: ='111 LS CS1'!K95 -> 0 | L95: =IFERROR(J95*G95,0) -> 0
D96: 23 | E96: ='111 LS CS1'!E96 -> ‐ | F96: ='111 LS CS1'!F96 -> 0 | G96: =ROUND(F96*$J$7,0) -> 0 | H96: ='111 LS CS1'!H96 -> 0 | I96: =ROUND(H96*L96,0) -> 0 | J96: =IF(G96>0,IF(K96>0,K96,$C$8),"") | K96: ='111 LS CS1'!K96 -> 0 | L96: =IFERROR(J96*G96,0) -> 0
D97: 24 | E97: ='111 LS CS1'!E97 -> ‐ | F97: ='111 LS CS1'!F97 -> 0 | G97: =ROUND(F97*$J$7,0) -> 0 | H97: ='111 LS CS1'!H97 -> 0 | I97: =ROUND(H97*L97,0) -> 0 | J97: =IF(G97>0,IF(K97>0,K97,$C$8),"") | K97: ='111 LS CS1'!K97 -> 0 | L97: =IFERROR(J97*G97,0) -> 0
D98: 25 | E98: 団体 その他 | F98: ='111 LS CS1'!F98 -> 0 | G98: =ROUND(F98*$J$7,0) -> 0 | H98: ='111 LS CS1'!H98 -> 0 | I98: =ROUND(H98*L98,0) -> 0 | J98: =IF(G98>0,IF(K98>0,K98,$C$8),"") | K98: ='111 LS CS1'!K98 -> 0 | L98: =IFERROR(J98*G98,0) -> 0
F99: =SUM(F74:F98) -> 1 | G99: =SUM(G74:G98) -> 29492 | H99: =IFERROR(I99/L99,0) -> 0.12449664 | I99: =SUM(I74:I98) -> 36716550 | J99: =C8 -> 10000 | L99: =SUM(L74:L98) -> 294920000
D101: ※ 室数比率は全体に占める室数の割合を記入
D102: ※ 手数料率にはクレジットカード手数料も含めること（現金支払いは考慮しないで全てをカード払いとして設定することを推奨）

Sheet 113 LS CS3
A1: << | B1: Hotel PL Simulator / Limited Service or Rooms Division Only Version / Case3 | O1: =index!$C$7 -> Sample Hotel
A3: 以下の数値は試算用に、前年実績から変更したい個所を入力してください。現状のADRやOCCのみの変更もできますし、費用を修正してみて厳密な比較も可能です。 | N3: 更新日： | O3: =DATE(index!$J$7,index!$L$7,index!$N$7) -> 44635
B4: ケース名 | C4: ADRを100円上げ前年と同GOPのOCC
B6: 客室総数 | C6: ='101 LS LY'!C6 -> 100 | D6: 室
B7: 年間稼働率 | C7: =IF(E7>0,E7,'101 LS LY'!C7) -> 0.789 | D7: → 修正する場合 | E7: 0.789 | F7: 営業日数 | G7: ='111 LS CS1'!G7 -> 365 | I7: 年間販売室数 | J7: =IF(L7>0,L7,ROUND(C6*G7*C7,0)) -> 28799 | K7: → 修正する場合 | M7: （修正値をL7セルに入力すると年間販売室数が上書きされます）
B8: ADR | C8: =IF(E8>0,E8,'101 LS LY'!C8) -> 10100 | D8: → 修正する場合 | E8: 10100
B10: 客室売上 | C10: =C8*J7 -> 290869900
B11: その他売上 | C11: 0
B12: 宿泊部門売上合計 | C12: =C10+C11 -> 290869900
C14: 金額 | D14: 売上対比
B15: 人件費 | C15: =SUM(C16:C19) -> 36500000 | D15: =C15/$C$12 -> 0.12548566 | F15: ※ 人件費は「客室数（厳密には年間販売室数）に比例した費用」と考えますので、単体ホテルにおいては客室数の変動はほぼないため固定費として扱います。 | N15: 固定費
B16: 基本分 | C16: =G42 -> 20000000 | D16: =C16/$C$12 -> 0.068759263 | F16: 人件費は計算にいくつかの方法を用意していますので、ページ下部を参照してください。 | N16: 固定費
B17: 時間外手当 | C17: =G58 -> 3500000 | D17: =C17/$C$12 -> 0.012032871 | N17: 固定費 | O17: 削減検討対象
B18: 深夜手当 | C18: =G64 -> 10000000 | D18: =C18/$C$12 -> 0.034379632 | N18: 固定費
B19: 法定福利費 | C19: =IF(I19>0,I19,ROUND(C16*G19,0)) -> 3000000 | D19: =C19/$C$12 -> 0.010313889 | F19: 人件費（基本分）の ％指定 | G19: ='111 LS CS1'!G19 -> 0.15 | H19: または 金額指定 | I19: ='111 LS CS1'!I19 -> 0 | N19: 固定費
B20: 販売管理費 | C20: =SUM(C21:C27) -> 108341838 | D20: =C20/$C$12 -> 0.37247525
B21: リネン費 | C21: =$J$7*IF(J21>0,J21,G21) -> 12815555 | D21: =C21/$C$12 -> 0.044059406 | F21: ※ 主要コスト | G21: ='101 LS LY'!L21 -> 445 | H21: ／室 （前年） | I21: 単価を変更する場合 | J21: ='111 LS CS1'!J21 -> 0 | N21: 室数に応じた変動費
B22: アメニティ費 | C22: =$J$7*IF(J22>0,J22,G22) -> 16761018 | D22: =C22/$C$12 -> 0.057623762 | F22: ※ 主要コスト | G22: ='101 LS LY'!L22 -> 582 | H22: ／室 （前年） | I22: 単価を変更する場合 | J22: ='111 LS CS1'!J22 -> 0 | N22: 室数に応じた変動費
B23: 客室清掃費 | C23: =MAX($J$7,M23)*IF(J23>0,J23,G23) -> 23672778 | D23: =C23/$C$12 -> 0.081386139 | F23: ※ 主要コスト | G23: ='101 LS LY'!L23 -> 822 | H23: ／室 （前年） | I23: 単価を変更する場合 | J23: ='111 LS CS1'!J23 -> 0 | K23: 最低稼働保証 | L23: ='111 LS CS1'!L23 -> 0.4 | M23: =C6*G7*L23 -> 14600 | N23: 室数に応じた変動費
B24: 販売手数料 | C24: =G70 -> 31995689 | D24: =C24/$C$12 -> 0.11 | F24: ※ 主要コスト | G24: ='101 LS LY'!L24 -> 1100 | H24: ／室 （前年） | I24: ※ 手数料率を見直す場合はページ下部を確認してください。 | N24: 売上に応じた変動費
B25: 水道光熱費 | C25: =$J$7*IF(J25>0,J25,G25) -> 17279400 | D25: =C25/$C$12 -> 0.059405941 | G25: ='101 LS LY'!L25 -> 600 | H25: ／室 （前年） | I25: 単価を変更する場合 | J25: ='111 LS CS1'!J25 -> 0 | N25: 室数に応じた変動費
B26: 広告宣伝費 | C26: =IF(I26>0,I26,ROUND($C$12*G26,0)) -> 2908699 | D26: =C26/$C$12 -> 0.01 | F26: 売上の ％指定 | G26: ='111 LS CS1'!G26 -> 0.01 | H26: または 金額指定 | I26: ='111 LS CS1'!I26 -> 0 | N26: 売上に応じた変動費
B27: その他の費用 | C27: =IF(I27>0,I27,ROUND($C$12*G27,0)) -> 2908699 | D27: =C27/$C$12 -> 0.01 | F27: 売上の ％指定 | G27: ='111 LS CS1'!G27 -> 0.01 | H27: または 金額指定 | I27: ='111 LS CS1'!I27 -> 0 | N27: 売上に応じた変動費
B29: GOP | C29: =C12-SUM(C15,C20) -> 146028062 | D29: =C29/$C$12 -> 0.5020391
C30: =C29-Summary!C28 -> 8062
B31: その他費用1（変動） | C31: =$C$12*G31 -> 0 | D31: =C31/$C$12 -> 0 | F31: 売上の ％指定 | G31: ='111 LS CS1'!G31 -> 0 | J31: 備考 | K31: ='111 LS CS1'!K31 -> - | N31: 売上に応じた変動費
B32: その他費用2（変動） | C32: =$C$12*G32 -> 0 | D32: =C32/$C$12 -> 0 | F32: 売上の ％指定 | G32: ='111 LS CS1'!G32 -> 0 | J32: 備考 | K32: ='111 LS CS1'!K32 -> - | N32: 売上に応じた変動費
B33: その他費用3（変動） | C33: =$C$12*G33 -> 0 | D33: =C33/$C$12 -> 0 | F33: 売上の ％指定 | G33: ='111 LS CS1'!G33 -> 0 | J33: 備考 | K33: ='111 LS CS1'!K33 -> - | N33: 売上に応じた変動費
B34: その他費用1（固定） | C34: =I34 -> 0 | D34: =C34/$C$12 -> 0 | H34: 金額指定 | I34: ='111 LS CS1'!I34 -> 0 | J34: 備考 | K34: ='111 LS CS1'!K34 -> - | N34: 固定費
B35: その他費用2（固定） | C35: =I35 -> 0 | D35: =C35/$C$12 -> 0 | H35: 金額指定 | I35: ='111 LS CS1'!I35 -> 0 | J35: 備考 | K35: ='111 LS CS1'!K35 -> - | N35: 固定費
B36: その他費用3（固定） | C36: =I36 -> 0 | D36: =C36/$C$12 -> 0 | H36: 金額指定 | I36: ='111 LS CS1'!I36 -> 0 | J36: 備考 | K36: ='111 LS CS1'!K36 -> - | N36: 固定費
B38: 営業利益 | C38: =C29-SUM(C31:C36) -> 146028062 | D38: =C38/$C$12 -> 0.5020391
B42: 人件費 （基本分） | C42: 以下の３つの計算式のうち妥当なものを選択してください。 | F42: ='111 LS CS1'!F42 -> 1 | G42: =VLOOKUP(F42,C44:J46,8,FALSE) -> 20000000 | I42: ※ 人件費には通勤手当を含み法定福利費を含まないものとする
C44: 1 | D44: 実際の金額や固定的な金額を設定する | F44: ='111 LS CS1'!F44 -> 20000000 | J44: =F44 -> 20000000
C45: 2 | D45: 人件費率から概算を計算する | F45: ='111 LS CS1'!F45 -> 0.1 | J45: =ROUND(F45*C12,0) -> 29086990
C46: 3 | D46: 役職別設定単価と人数から試算する | H46: 合計 | I46: =I51+I56/'101 LS LY'!N53 -> 10 | J46: =SUM(J47:J55) -> 29970000
E47: 管理職1 | F47: 年間給与想定額 | G47: ='111 LS CS1'!G47 -> 0 | H47: 雇用人数 | I47: ='111 LS CS1'!I47 -> 1 | J47: =G47*I47 -> 0
E48: 管理職2 | F48: 年間給与想定額 | G48: ='111 LS CS1'!G48 -> 0 | H48: 雇用人数 | I48: ='111 LS CS1'!I48 -> 0 | J48: =G48*I48 -> 0
E49: 管理職3 | F49: 年間給与想定額 | G49: ='111 LS CS1'!G49 -> 0 | H49: 雇用人数 | I49: ='111 LS CS1'!I49 -> 0 | J49: =G49*I49 -> 0
E50: 一般職 | F50: 年間給与想定額 | G50: ='111 LS CS1'!G50 -> 3330000 | H50: 雇用人数 | I50: ='111 LS CS1'!I50 -> 9 | J50: =G50*I50 -> 29970000
H51: 小計 | I51: =SUM(I47:I50) -> 10 | J51: 人
E52: パート1 | F52: 時給 | G52: ='111 LS CS1'!G52 -> 0 | H52: 労働時間合計 | I52: ='111 LS CS1'!I52 -> 0 | J52: =G52*I52 -> 0
E53: パート2 | F53: 時給 | G53: ='111 LS CS1'!G53 -> 0 | H53: 労働時間合計 | I53: ='111 LS CS1'!I53 -> 0 | J53: =G53*I53 -> 0
E54: アルバイト1 | F54: 時給 | G54: ='111 LS CS1'!G54 -> 0 | H54: 労働時間合計 | I54: ='111 LS CS1'!I54 -> 0 | J54: =G54*I54 -> 0
E55: アルバイト2 | F55: 時給 | G55: ='111 LS CS1'!G55 -> 0 | H55: 労働時間合計 | I55: ='111 LS CS1'!I55 -> 0 | J55: =G55*I55 -> 0
H56: 小計 | I56: =SUM(I52:I55) -> 0 | J56: 時間
B58: 人件費 （時間外分） | C58: 以下の３つの計算式のうち妥当なものを選択してください。 | F58: ='111 LS CS1'!F58 -> 1 | G58: =VLOOKUP(F58,C60:N62,12,FALSE) -> 3500000 | I58: ※ 人件費（基本分）に時間外手当を含む場合は入力不要
C60: 1 | D60: 実際の金額や固定的な金額を設定する | G60: ='111 LS CS1'!G60 -> 3500000 | N60: =G60 -> 3500000
C61: 2 | D61: 人件費率から概算を計算する | G61: ='111 LS CS1'!G61 -> 0.012 | N61: =ROUND(G61*C12,0) -> 3490439
C62: 3 | D62: 単価と人数から試算する | F62: 想定時給 | G62: ='111 LS CS1'!G62 -> 2500 | H62: 想定時間／日 | I62: ='111 LS CS1'!I62 -> 1 | J62: 想定日数 | K62: ='111 LS CS1'!K62 -> 150 | L62: 想定人数 | M62: ='111 LS CS1'!M62 -> 12 | N62: =G62*I62*K62*M62 -> 4500000
B64: 人件費 （深夜分） | C64: 以下の３つの計算式のうち妥当なものを選択してください。 | F64: ='111 LS CS1'!F64 -> 1 | G64: =VLOOKUP(F64,C66:N68,12,FALSE) -> 10000000 | I64: ※ 人件費（基本分）に時間外手当を含む場合は入力不要
C66: 1 | D66: 実際の金額や固定的な金額を設定する | G66: ='111 LS CS1'!G66 -> 10000000 | N66: =G66 -> 10000000
C67: 2 | D67: 人件費率から概算を計算する | G67: ='111 LS CS1'!G67 -> 0.035 | N67: =ROUND(G67*C12,0) -> 10180447
C68: 3 | D68: 単価と人数から試算する | F68: 想定時給 | G68: ='111 LS CS1'!G68 -> 2500 | H68: 想定時間／日 | I68: ='111 LS CS1'!I68 -> 7 | J68: 想定日数 | K68: ='111 LS CS1'!K68 -> 365 | L68: 想定人数 | M68: ='111 LS CS1'!M68 -> 2 | N68: =G68*I68*K68*M68 -> 12775000
B70: 送客手数料 | C70: 以下の２つの計算式のうち妥当なものを選択してください。 | F70: 1 | G70: =VLOOKUP(F70,C72:N73,12,FALSE) -> 31995689 | I70: ※ 人件費（基本分）に時間外手当を含む場合は入力不要
C72: 1 | D72: 前年の手数料率を使用する | G72: ='101 LS LY'!D24 -> 0.11 | N72: =G72*C12 -> 31995689 | O72: =N72/$C$10 -> 0.11
C73: 2 | D73: 手数料を試算する | F73: 室数比率 | G73: 室数 | H73: 手数料率 | I73: 手数料 | J73: ADR | K73: ↓ 修正する場合 | L73: 室料売上 | N73: =I99 -> 36074375 | O73: =N73/$C$10 -> 0.12402237
D74: 1 | E74: 自社サイト | F74: ='111 LS CS1'!F74 -> 0.1 | G74: =ROUND(F74*$J$7,0) -> 2880 | H74: ='111 LS CS1'!H74 -> 0.02 | I74: =ROUND(H74*L74,0) -> 518400 | J74: =IF(G74>0,IF(K74>0,K74,$C$8),"") -> 9000 | K74: ='111 LS CS1'!K74 -> 9000 | L74: =IFERROR(J74*G74,0) -> 25920000
D75: 2 | E75: 国内OTA 楽天 | F75: ='111 LS CS1'!F75 -> 0 | G75: =ROUND(F75*$J$7,0) -> 0 | H75: ='111 LS CS1'!H75 -> 0 | I75: =ROUND(H75*L75,0) -> 0 | J75: =IF(G75>0,IF(K75>0,K75,$C$8),"") | K75: ='111 LS CS1'!K75 -> 0 | L75: =IFERROR(J75*G75,0) -> 0
D76: 3 | E76: 国内OTA じゃらん | F76: ='111 LS CS1'!F76 -> 0 | G76: =ROUND(F76*$J$7,0) -> 0 | H76: ='111 LS CS1'!H76 -> 0 | I76: =ROUND(H76*L76,0) -> 0 | J76: =IF(G76>0,IF(K76>0,K76,$C$8),"") | K76: ='111 LS CS1'!K76 -> 0 | L76: =IFERROR(J76*G76,0) -> 0
D77: 4 | E77: 国内OTA 一休 | F77: ='111 LS CS1'!F77 -> 0 | G77: =ROUND(F77*$J$7,0) -> 0 | H77: ='111 LS CS1'!H77 -> 0 | I77: =ROUND(H77*L77,0) -> 0 | J77: =IF(G77>0,IF(K77>0,K77,$C$8),"") | K77: ='111 LS CS1'!K77 -> 0 | L77: =IFERROR(J77*G77,0) -> 0
D78: 5 | E78: 国内OTA その他 | F78: ='111 LS CS1'!F78 -> 0.3 | G78: =ROUND(F78*$J$7,0) -> 8640 | H78: ='111 LS CS1'!H78 -> 0.1 | I78: =ROUND(H78*L78,0) -> 8726400 | J78: =IF(G78>0,IF(K78>0,K78,$C$8),"") -> 10100 | K78: ='111 LS CS1'!K78 -> 0 | L78: =IFERROR(J78*G78,0) -> 87264000
D79: 6 | E79: 海外OTA Agoda | F79: ='111 LS CS1'!F79 -> 0 | G79: =ROUND(F79*$J$7,0) -> 0 | H79: ='111 LS CS1'!H79 -> 0 | I79: =ROUND(H79*L79,0) -> 0 | J79: =IF(G79>0,IF(K79>0,K79,$C$8),"") | K79: ='111 LS CS1'!K79 -> 0 | L79: =IFERROR(J79*G79,0) -> 0
D80: 7 | E80: 海外OTA Booking | F80: ='111 LS CS1'!F80 -> 0 | G80: =ROUND(F80*$J$7,0) -> 0 | H80: ='111 LS CS1'!H80 -> 0 | I80: =ROUND(H80*L80,0) -> 0 | J80: =IF(G80>0,IF(K80>0,K80,$C$8),"") | K80: ='111 LS CS1'!K80 -> 0 | L80: =IFERROR(J80*G80,0) -> 0
D81: 8 | E81: 海外OTA C-trip | F81: ='111 LS CS1'!F81 -> 0 | G81: =ROUND(F81*$J$7,0) -> 0 | H81: ='111 LS CS1'!H81 -> 0 | I81: =ROUND(H81*L81,0) -> 0 | J81: =IF(G81>0,IF(K81>0,K81,$C$8),"") | K81: ='111 LS CS1'!K81 -> 0 | L81: =IFERROR(J81*G81,0) -> 0
D82: 9 | E82: 海外OTA Expedia | F82: ='111 LS CS1'!F82 -> 0 | G82: =ROUND(F82*$J$7,0) -> 0 | H82: ='111 LS CS1'!H82 -> 0 | I82: =ROUND(H82*L82,0) -> 0 | J82: =IF(G82>0,IF(K82>0,K82,$C$8),"") | K82: ='111 LS CS1'!K82 -> 0 | L82: =IFERROR(J82*G82,0) -> 0
D83: 10 | E83: 海外OTA その他 | F83: ='111 LS CS1'!F83 -> 0.2 | G83: =ROUND(F83*$J$7,0) -> 5760 | H83: ='111 LS CS1'!H83 -> 0.19 | I83: =ROUND(H83*L83,0) -> 13132800 | J83: =IF(G83>0,IF(K83>0,K83,$C$8),"") -> 12000 | K83: ='111 LS CS1'!K83 -> 12000 | L83: =IFERROR(J83*G83,0) -> 69120000
D84: 11 | E84: 国内AGT 個人 | F84: ='111 LS CS1'!F84 -> 0.1 | G84: =ROUND(F84*$J$7,0) -> 2880 | H84: ='111 LS CS1'!H84 -> 0.16 | I84: =ROUND(H84*L84,0) -> 4654080 | J84: =IF(G84>0,IF(K84>0,K84,$C$8),"") -> 10100 | K84: ='111 LS CS1'!K84 -> 0 | L84: =IFERROR(J84*G84,0) -> 29088000
D85: 12 | E85: 海外AGT 個人 | F85: ='111 LS CS1'!F85 -> 0 | G85: =ROUND(F85*$J$7,0) -> 0 | H85: ='111 LS CS1'!H85 -> 0 | I85: =ROUND(H85*L85,0) -> 0 | J85: =IF(G85>0,IF(K85>0,K85,$C$8),"") | K85: ='111 LS CS1'!K85 -> 0 | L85: =IFERROR(J85*G85,0) -> 0
D86: 13 | E86: ='111 LS CS1'!E86 -> ‐ | F86: ='111 LS CS1'!F86 -> 0 | G86: =ROUND(F86*$J$7,0) -> 0 | H86: ='111 LS CS1'!H86 -> 0 | I86: =ROUND(H86*L86,0) -> 0 | J86: =IF(G86>0,IF(K86>0,K86,$C$8),"") | K86: ='111 LS CS1'!K86 -> 0 | L86: =IFERROR(J86*G86,0) -> 0
D87: 14 | E87: ='111 LS CS1'!E87 -> ‐ | F87: ='111 LS CS1'!F87 -> 0 | G87: =ROUND(F87*$J$7,0) -> 0 | H87: ='111 LS CS1'!H87 -> 0 | I87: =ROUND(H87*L87,0) -> 0 | J87: =IF(G87>0,IF(K87>0,K87,$C$8),"") | K87: ='111 LS CS1'!K87 -> 0 | L87: =IFERROR(J87*G87,0) -> 0
D88: 15 | E88: ='111 LS CS1'!E88 -> 個人 その他 | F88: ='111 LS CS1'!F88 -> 0.1 | G88: =J7-SUM(G74:G87,G89:G98) -> 2879 | H88: ='111 LS CS1'!H88 -> 0.05 | I88: =ROUND(H88*L88,0) -> 1669895 | J88: =IFERROR(L88/G88,"Error") -> 11600.521 | K88: ='111 LS CS1'!K88 -> 0 | L88: =C10-SUM(L74:L87,L89:L98) -> 33397900
D89: 16 | E89: ='111 LS CS1'!E89 -> 団体 国内募集旅行 | F89: ='111 LS CS1'!F89 -> 0 | G89: =ROUND(F89*$J$7,0) -> 0 | H89: ='111 LS CS1'!H89 -> 0 | I89: =ROUND(H89*L89,0) -> 0 | J89: =IF(G89>0,IF(K89>0,K89,$C$8),"") | K89: ='111 LS CS1'!K89 -> 0 | L89: =IFERROR(J89*G89,0) -> 0
D90: 17 | E90: ='111 LS CS1'!E90 -> 団体 国内その他 | F90: ='111 LS CS1'!F90 -> 0.2 | G90: =ROUND(F90*$J$7,0) -> 5760 | H90: ='111 LS CS1'!H90 -> 0.16 | I90: =ROUND(H90*L90,0) -> 7372800 | J90: =IF(G90>0,IF(K90>0,K90,$C$8),"") -> 8000 | K90: ='111 LS CS1'!K90 -> 8000 | L90: =IFERROR(J90*G90,0) -> 46080000
D91: 18 | E91: ='111 LS CS1'!E91 -> 団体 インバウンド | F91: ='111 LS CS1'!F91 -> 0 | G91: =ROUND(F91*$J$7,0) -> 0 | H91: ='111 LS CS1'!H91 -> 0 | I91: =ROUND(H91*L91,0) -> 0 | J91: =IF(G91>0,IF(K91>0,K91,$C$8),"") | K91: ='111 LS CS1'!K91 -> 0 | L91: =IFERROR(J91*G91,0) -> 0
D92: 19 | E92: ='111 LS CS1'!E92 -> 団体 インバウンド | F92: ='111 LS CS1'!F92 -> 0 | G92: =ROUND(F92*$J$7,0) -> 0 | H92: ='111 LS CS1'!H92 -> 0 | I92: =ROUND(H92*L92,0) -> 0 | J92: =IF(G92>0,IF(K92>0,K92,$C$8),"") | K92: ='111 LS CS1'!K92 -> 0 | L92: =IFERROR(J92*G92,0) -> 0
D93: 20 | E93: ='111 LS CS1'!E93 -> ‐ | F93: ='111 LS CS1'!F93 -> 0 | G93: =ROUND(F93*$J$7,0) -> 0 | H93: ='111 LS CS1'!H93 -> 0 | I93: =ROUND(H93*L93,0) -> 0 | J93: =IF(G93>0,IF(K93>0,K93,$C$8),"") | K93: ='111 LS CS1'!K93 -> 0 | L93: =IFERROR(J93*G93,0) -> 0
D94: 21 | E94: ='111 LS CS1'!E94 -> ‐ | F94: ='111 LS CS1'!F94 -> 0 | G94: =ROUND(F94*$J$7,0) -> 0 | H94: ='111 LS CS1'!H94 -> 0 | I94: =ROUND(H94*L94,0) -> 0 | J94: =IF(G94>0,IF(K94>0,K94,$C$8),"") | K94: ='111 LS CS1'!K94 -> 0 | L94: =IFERROR(J94*G94,0) -> 0
D95: 22 | E95: ='111 LS CS1'!E95 -> ‐ | F95: ='111 LS CS1'!F95 -> 0 | G95: =ROUND(F95*$J$7,0) -> 0 | H95: ='111 LS CS1'!H95 -> 0 | I95: =ROUND(H95*L95,0) -> 0 | J95: =IF(G95>0,IF(K95>0,K95,$C$8),"") | K95: ='111 LS CS1'!K95 -> 0 | L95: =IFERROR(J95*G95,0) -> 0
D96: 23 | E96: ='111 LS CS1'!E96 -> ‐ | F96: ='111 LS CS1'!F96 -> 0 | G96: =ROUND(F96*$J$7,0) -> 0 | H96: ='111 LS CS1'!H96 -> 0 | I96: =ROUND(H96*L96,0) -> 0 | J96: =IF(G96>0,IF(K96>0,K96,$C$8),"") | K96: ='111 LS CS1'!K96 -> 0 | L96: =IFERROR(J96*G96,0) -> 0
D97: 24 | E97: ='111 LS CS1'!E97 -> ‐ | F97: ='111 LS CS1'!F97 -> 0 | G97: =ROUND(F97*$J$7,0) -> 0 | H97: ='111 LS CS1'!H97 -> 0 | I97: =ROUND(H97*L97,0) -> 0 | J97: =IF(G97>0,IF(K97>0,K97,$C$8),"") | K97: ='111 LS CS1'!K97 -> 0 | L97: =IFERROR(J97*G97,0) -> 0
D98: 25 | E98: 団体 その他 | F98: ='111 LS CS1'!F98 -> 0 | G98: =ROUND(F98*$J$7,0) -> 0 | H98: ='111 LS CS1'!H98 -> 0 | I98: =ROUND(H98*L98,0) -> 0 | J98: =IF(G98>0,IF(K98>0,K98,$C$8),"") | K98: ='111 LS CS1'!K98 -> 0 | L98: =IFERROR(J98*G98,0) -> 0
F99: =SUM(F74:F98) -> 1 | G99: =SUM(G74:G98) -> 28799 | H99: =IFERROR(I99/L99,0) -> 0.12402237 | I99: =SUM(I74:I98) -> 36074375 | J99: =C8 -> 10100 | L99: =SUM(L74:L98) -> 290869900
D101: ※ 室数比率は全体に占める室数の割合を記入
D102: ※ 手数料率にはクレジットカード手数料も含めること（現金支払いは考慮しないで全てをカード払いとして設定することを推奨）

Sheet 114 LS CS4
A1: << | B1: Hotel PL Simulator / Limited Service or Rooms Division Only Version / Case4 | O1: =index!$C$7 -> Sample Hotel
A3: 以下の数値は試算用に、前年実績から変更したい個所を入力してください。現状のADRやOCCのみの変更もできますし、費用を修正してみて厳密な比較も可能です。 | N3: 更新日： | O3: =DATE(index!$J$7,index!$L$7,index!$N$7) -> 44635
B4: ケース名 | C4: ADRを500円上げ前年と同GOPのOCC
B6: 客室総数 | C6: ='101 LS LY'!C6 -> 100 | D6: 室
B7: 年間稼働率 | C7: =IF(E7>0,E7,'101 LS LY'!C7) -> 0.75 | D7: → 修正する場合 | E7: 0.75 | F7: 営業日数 | G7: ='111 LS CS1'!G7 -> 365 | I7: 年間販売室数 | J7: =IF(L7>0,L7,ROUND(C6*G7*C7,0)) -> 27375 | K7: → 修正する場合 | L7: ='111 LS CS1'!L7 -> 0 | M7: （修正値をL7セルに入力すると年間販売室数が上書きされます）
B8: ADR | C8: =IF(E8>0,E8,'101 LS LY'!C8) -> 10500 | D8: → 修正する場合 | E8: 10500
B10: 客室売上 | C10: =C8*J7 -> 287437500
B11: その他売上 | C11: 0
B12: 宿泊部門売上合計 | C12: =C10+C11 -> 287437500
C14: 金額 | D14: 売上対比
B15: 人件費 | C15: =SUM(C16:C19) -> 36500000 | D15: =C15/$C$12 -> 0.12698413 | F15: ※ 人件費は「客室数（厳密には年間販売室数）に比例した費用」と考えますので、単体ホテルにおいては客室数の変動はほぼないため固定費として扱います。 | N15: 固定費
B16: 基本分 | C16: =G42 -> 20000000 | D16: =C16/$C$12 -> 0.069580344 | F16: 人件費は計算にいくつかの方法を用意していますので、ページ下部を参照してください。 | N16: 固定費
B17: 時間外手当 | C17: =G58 -> 3500000 | D17: =C17/$C$12 -> 0.01217656 | N17: 固定費 | O17: 削減検討対象
B18: 深夜手当 | C18: =G64 -> 10000000 | D18: =C18/$C$12 -> 0.034790172 | N18: 固定費
B19: 法定福利費 | C19: =IF(I19>0,I19,ROUND(C16*G19,0)) -> 3000000 | D19: =C19/$C$12 -> 0.010437052 | F19: 人件費（基本分）の ％指定 | G19: ='111 LS CS1'!G19 -> 0.15 | H19: または 金額指定 | I19: ='111 LS CS1'!I19 -> 0 | N19: 固定費
B20: 販売管理費 | C20: =SUM(C21:C27) -> 104408250 | D20: =C20/$C$12 -> 0.3632381
B21: リネン費 | C21: =$J$7*IF(J21>0,J21,G21) -> 12181875 | D21: =C21/$C$12 -> 0.042380952 | F21: ※ 主要コスト | G21: ='101 LS LY'!L21 -> 445 | H21: ／室 （前年） | I21: 単価を変更する場合 | J21: ='111 LS CS1'!J21 -> 0 | N21: 室数に応じた変動費
B22: アメニティ費 | C22: =$J$7*IF(J22>0,J22,G22) -> 15932250 | D22: =C22/$C$12 -> 0.055428571 | F22: ※ 主要コスト | G22: ='101 LS LY'!L22 -> 582 | H22: ／室 （前年） | I22: 単価を変更する場合 | J22: ='111 LS CS1'!J22 -> 0 | N22: 室数に応じた変動費
B23: 客室清掃費 | C23: =MAX($J$7,M23)*IF(J23>0,J23,G23) -> 22502250 | D23: =C23/$C$12 -> 0.078285714 | F23: ※ 主要コスト | G23: ='101 LS LY'!L23 -> 822 | H23: ／室 （前年） | I23: 単価を変更する場合 | J23: ='111 LS CS1'!J23 -> 0 | K23: 最低稼働保証 | L23: ='111 LS CS1'!L23 -> 0.4 | M23: =C6*G7*L23 -> 14600 | N23: 室数に応じた変動費
B24: 販売手数料 | C24: =G70 -> 31618125 | D24: =C24/$C$12 -> 0.11 | F24: ※ 主要コスト | G24: ='101 LS LY'!L24 -> 1100 | H24: ／室 （前年） | I24: ※ 手数料率を見直す場合はページ下部を確認してください。 | N24: 売上に応じた変動費
B25: 水道光熱費 | C25: =$J$7*IF(J25>0,J25,G25) -> 16425000 | D25: =C25/$C$12 -> 0.057142857 | G25: ='101 LS LY'!L25 -> 600 | H25: ／室 （前年） | I25: 単価を変更する場合 | J25: ='111 LS CS1'!J25 -> 0 | N25: 室数に応じた変動費
B26: 広告宣伝費 | C26: =IF(I26>0,I26,ROUND($C$12*G26,0)) -> 2874375 | D26: =C26/$C$12 -> 0.01 | F26: 売上の ％指定 | G26: ='111 LS CS1'!G26 -> 0.01 | H26: または 金額指定 | I26: ='111 LS CS1'!I26 -> 0 | N26: 売上に応じた変動費
B27: その他の費用 | C27: =IF(I27>0,I27,ROUND($C$12*G27,0)) -> 2874375 | D27: =C27/$C$12 -> 0.01 | F27: 売上の ％指定 | G27: ='111 LS CS1'!G27 -> 0.01 | H27: または 金額指定 | I27: ='111 LS CS1'!I27 -> 0 | N27: 売上に応じた変動費
B29: GOP | C29: =C12-SUM(C15,C20) -> 146529250 | D29: =C29/$C$12 -> 0.50977778
C30: =C29-Summary!C28 -> 509250
B31: その他費用1（変動） | C31: =$C$12*G31 -> 0 | D31: =C31/$C$12 -> 0 | F31: 売上の ％指定 | G31: ='111 LS CS1'!G31 -> 0 | J31: 備考 | K31: ='111 LS CS1'!K31 -> - | N31: 売上に応じた変動費
B32: その他費用2（変動） | C32: =$C$12*G32 -> 0 | D32: =C32/$C$12 -> 0 | F32: 売上の ％指定 | G32: ='111 LS CS1'!G32 -> 0 | J32: 備考 | K32: ='111 LS CS1'!K32 -> - | N32: 売上に応じた変動費
B33: その他費用3（変動） | C33: =$C$12*G33 -> 0 | D33: =C33/$C$12 -> 0 | F33: 売上の ％指定 | G33: ='111 LS CS1'!G33 -> 0 | J33: 備考 | K33: ='111 LS CS1'!K33 -> - | N33: 売上に応じた変動費
B34: その他費用1（固定） | C34: =I34 -> 0 | D34: =C34/$C$12 -> 0 | H34: 金額指定 | I34: ='111 LS CS1'!I34 -> 0 | J34: 備考 | K34: ='111 LS CS1'!K34 -> - | N34: 固定費
B35: その他費用2（固定） | C35: =I35 -> 0 | D35: =C35/$C$12 -> 0 | H35: 金額指定 | I35: ='111 LS CS1'!I35 -> 0 | J35: 備考 | K35: ='111 LS CS1'!K35 -> - | N35: 固定費
B36: その他費用3（固定） | C36: =I36 -> 0 | D36: =C36/$C$12 -> 0 | H36: 金額指定 | I36: ='111 LS CS1'!I36 -> 0 | J36: 備考 | K36: ='111 LS CS1'!K36 -> - | N36: 固定費
B38: 営業利益 | C38: =C29-SUM(C31:C36) -> 146529250 | D38: =C38/$C$12 -> 0.50977778
B42: 人件費 （基本分） | C42: 以下の３つの計算式のうち妥当なものを選択してください。 | F42: ='111 LS CS1'!F42 -> 1 | G42: =VLOOKUP(F42,C44:J46,8,FALSE) -> 20000000 | I42: ※ 人件費には通勤手当を含み法定福利費を含まないものとする
C44: 1 | D44: 実際の金額や固定的な金額を設定する | F44: ='111 LS CS1'!F44 -> 20000000 | J44: =F44 -> 20000000
C45: 2 | D45: 人件費率から概算を計算する | F45: ='111 LS CS1'!F45 -> 0.1 | J45: =ROUND(F45*C12,0) -> 28743750
C46: 3 | D46: 役職別設定単価と人数から試算する | H46: 合計 | I46: =I51+I56/'101 LS LY'!N53 -> 10 | J46: =SUM(J47:J55) -> 29970000
E47: 管理職1 | F47: 年間給与想定額 | G47: ='111 LS CS1'!G47 -> 0 | H47: 雇用人数 | I47: ='111 LS CS1'!I47 -> 1 | J47: =G47*I47 -> 0
E48: 管理職2 | F48: 年間給与想定額 | G48: ='111 LS CS1'!G48 -> 0 | H48: 雇用人数 | I48: ='111 LS CS1'!I48 -> 0 | J48: =G48*I48 -> 0
E49: 管理職3 | F49: 年間給与想定額 | G49: ='111 LS CS1'!G49 -> 0 | H49: 雇用人数 | I49: ='111 LS CS1'!I49 -> 0 | J49: =G49*I49 -> 0
E50: 一般職 | F50: 年間給与想定額 | G50: ='111 LS CS1'!G50 -> 3330000 | H50: 雇用人数 | I50: ='111 LS CS1'!I50 -> 9 | J50: =G50*I50 -> 29970000
H51: 小計 | I51: =SUM(I47:I50) -> 10 | J51: 人
E52: パート1 | F52: 時給 | G52: ='111 LS CS1'!G52 -> 0 | H52: 労働時間合計 | I52: ='111 LS CS1'!I52 -> 0 | J52: =G52*I52 -> 0
E53: パート2 | F53: 時給 | G53: ='111 LS CS1'!G53 -> 0 | H53: 労働時間合計 | I53: ='111 LS CS1'!I53 -> 0 | J53: =G53*I53 -> 0
E54: アルバイト1 | F54: 時給 | G54: ='111 LS CS1'!G54 -> 0 | H54: 労働時間合計 | I54: ='111 LS CS1'!I54 -> 0 | J54: =G54*I54 -> 0
E55: アルバイト2 | F55: 時給 | G55: ='111 LS CS1'!G55 -> 0 | H55: 労働時間合計 | I55: ='111 LS CS1'!I55 -> 0 | J55: =G55*I55 -> 0
H56: 小計 | I56: =SUM(I52:I55) -> 0 | J56: 時間
B58: 人件費 （時間外分） | C58: 以下の３つの計算式のうち妥当なものを選択してください。 | F58: ='111 LS CS1'!F58 -> 1 | G58: =VLOOKUP(F58,C60:N62,12,FALSE) -> 3500000 | I58: ※ 人件費（基本分）に時間外手当を含む場合は入力不要
C60: 1 | D60: 実際の金額や固定的な金額を設定する | G60: ='111 LS CS1'!G60 -> 3500000 | N60: =G60 -> 3500000
C61: 2 | D61: 人件費率から概算を計算する | G61: ='111 LS CS1'!G61 -> 0.012 | N61: =ROUND(G61*C12,0) -> 3449250
C62: 3 | D62: 単価と人数から試算する | F62: 想定時給 | G62: ='111 LS CS1'!G62 -> 2500 | H62: 想定時間／日 | I62: ='111 LS CS1'!I62 -> 1 | J62: 想定日数 | K62: ='111 LS CS1'!K62 -> 150 | L62: 想定人数 | M62: ='111 LS CS1'!M62 -> 12 | N62: =G62*I62*K62*M62 -> 4500000
B64: 人件費 （深夜分） | C64: 以下の３つの計算式のうち妥当なものを選択してください。 | F64: ='111 LS CS1'!F64 -> 1 | G64: =VLOOKUP(F64,C66:N68,12,FALSE) -> 10000000 | I64: ※ 人件費（基本分）に時間外手当を含む場合は入力不要
C66: 1 | D66: 実際の金額や固定的な金額を設定する | G66: ='111 LS CS1'!G66 -> 10000000 | N66: =G66 -> 10000000
C67: 2 | D67: 人件費率から概算を計算する | G67: ='111 LS CS1'!G67 -> 0.035 | N67: =ROUND(G67*C12,0) -> 10060313
C68: 3 | D68: 単価と人数から試算する | F68: 想定時給 | G68: ='111 LS CS1'!G68 -> 2500 | H68: 想定時間／日 | I68: ='111 LS CS1'!I68 -> 7 | J68: 想定日数 | K68: ='111 LS CS1'!K68 -> 365 | L68: 想定人数 | M68: ='111 LS CS1'!M68 -> 2 | N68: =G68*I68*K68*M68 -> 12775000
B70: 送客手数料 | C70: 以下の２つの計算式のうち妥当なものを選択してください。 | F70: 1 | G70: =VLOOKUP(F70,C72:N73,12,FALSE) -> 31618125 | I70: ※ 人件費（基本分）に時間外手当を含む場合は入力不要
C72: 1 | D72: 前年の手数料率を使用する | G72: ='101 LS LY'!D24 -> 0.11 | N72: =G72*C12 -> 31618125 | O72: =N72/$C$10 -> 0.11
C73: 2 | D73: 手数料を試算する | F73: 室数比率 | G73: 室数 | H73: 手数料率 | I73: 手数料 | J73: ADR | K73: ↓ 修正する場合 | L73: 室料売上 | N73: =I99 -> 35122830 | O73: =N73/$C$10 -> 0.12219293
D74: 1 | E74: 自社サイト | F74: ='111 LS CS1'!F74 -> 0.1 | G74: =ROUND(F74*$J$7,0) -> 2738 | H74: ='111 LS CS1'!H74 -> 0.02 | I74: =ROUND(H74*L74,0) -> 492840 | J74: =IF(G74>0,IF(K74>0,K74,$C$8),"") -> 9000 | K74: ='111 LS CS1'!K74 -> 9000 | L74: =IFERROR(J74*G74,0) -> 24642000
D75: 2 | E75: 国内OTA 楽天 | F75: ='111 LS CS1'!F75 -> 0 | G75: =ROUND(F75*$J$7,0) -> 0 | H75: ='111 LS CS1'!H75 -> 0 | I75: =ROUND(H75*L75,0) -> 0 | J75: =IF(G75>0,IF(K75>0,K75,$C$8),"") | K75: ='111 LS CS1'!K75 -> 0 | L75: =IFERROR(J75*G75,0) -> 0
D76: 3 | E76: 国内OTA じゃらん | F76: ='111 LS CS1'!F76 -> 0 | G76: =ROUND(F76*$J$7,0) -> 0 | H76: ='111 LS CS1'!H76 -> 0 | I76: =ROUND(H76*L76,0) -> 0 | J76: =IF(G76>0,IF(K76>0,K76,$C$8),"") | K76: ='111 LS CS1'!K76 -> 0 | L76: =IFERROR(J76*G76,0) -> 0
D77: 4 | E77: 国内OTA 一休 | F77: ='111 LS CS1'!F77 -> 0 | G77: =ROUND(F77*$J$7,0) -> 0 | H77: ='111 LS CS1'!H77 -> 0 | I77: =ROUND(H77*L77,0) -> 0 | J77: =IF(G77>0,IF(K77>0,K77,$C$8),"") | K77: ='111 LS CS1'!K77 -> 0 | L77: =IFERROR(J77*G77,0) -> 0
D78: 5 | E78: 国内OTA その他 | F78: ='111 LS CS1'!F78 -> 0.3 | G78: =ROUND(F78*$J$7,0) -> 8213 | H78: ='111 LS CS1'!H78 -> 0.1 | I78: =ROUND(H78*L78,0) -> 8623650 | J78: =IF(G78>0,IF(K78>0,K78,$C$8),"") -> 10500 | K78: ='111 LS CS1'!K78 -> 0 | L78: =IFERROR(J78*G78,0) -> 86236500
D79: 6 | E79: 海外OTA Agoda | F79: ='111 LS CS1'!F79 -> 0 | G79: =ROUND(F79*$J$7,0) -> 0 | H79: ='111 LS CS1'!H79 -> 0 | I79: =ROUND(H79*L79,0) -> 0 | J79: =IF(G79>0,IF(K79>0,K79,$C$8),"") | K79: ='111 LS CS1'!K79 -> 0 | L79: =IFERROR(J79*G79,0) -> 0
D80: 7 | E80: 海外OTA Booking | F80: ='111 LS CS1'!F80 -> 0 | G80: =ROUND(F80*$J$7,0) -> 0 | H80: ='111 LS CS1'!H80 -> 0 | I80: =ROUND(H80*L80,0) -> 0 | J80: =IF(G80>0,IF(K80>0,K80,$C$8),"") | K80: ='111 LS CS1'!K80 -> 0 | L80: =IFERROR(J80*G80,0) -> 0
D81: 8 | E81: 海外OTA C-trip | F81: ='111 LS CS1'!F81 -> 0 | G81: =ROUND(F81*$J$7,0) -> 0 | H81: ='111 LS CS1'!H81 -> 0 | I81: =ROUND(H81*L81,0) -> 0 | J81: =IF(G81>0,IF(K81>0,K81,$C$8),"") | K81: ='111 LS CS1'!K81 -> 0 | L81: =IFERROR(J81*G81,0) -> 0
D82: 9 | E82: 海外OTA Expedia | F82: ='111 LS CS1'!F82 -> 0 | G82: =ROUND(F82*$J$7,0) -> 0 | H82: ='111 LS CS1'!H82 -> 0 | I82: =ROUND(H82*L82,0) -> 0 | J82: =IF(G82>0,IF(K82>0,K82,$C$8),"") | K82: ='111 LS CS1'!K82 -> 0 | L82: =IFERROR(J82*G82,0) -> 0
D83: 10 | E83: 海外OTA その他 | F83: ='111 LS CS1'!F83 -> 0.2 | G83: =ROUND(F83*$J$7,0) -> 5475 | H83: ='111 LS CS1'!H83 -> 0.19 | I83: =ROUND(H83*L83,0) -> 12483000 | J83: =IF(G83>0,IF(K83>0,K83,$C$8),"") -> 12000 | K83: ='111 LS CS1'!K83 -> 12000 | L83: =IFERROR(J83*G83,0) -> 65700000
D84: 11 | E84: 国内AGT 個人 | F84: ='111 LS CS1'!F84 -> 0.1 | G84: =ROUND(F84*$J$7,0) -> 2738 | H84: ='111 LS CS1'!H84 -> 0.16 | I84: =ROUND(H84*L84,0) -> 4599840 | J84: =IF(G84>0,IF(K84>0,K84,$C$8),"") -> 10500 | K84: ='111 LS CS1'!K84 -> 0 | L84: =IFERROR(J84*G84,0) -> 28749000
D85: 12 | E85: 海外AGT 個人 | F85: ='111 LS CS1'!F85 -> 0 | G85: =ROUND(F85*$J$7,0) -> 0 | H85: ='111 LS CS1'!H85 -> 0 | I85: =ROUND(H85*L85,0) -> 0 | J85: =IF(G85>0,IF(K85>0,K85,$C$8),"") | K85: ='111 LS CS1'!K85 -> 0 | L85: =IFERROR(J85*G85,0) -> 0
D86: 13 | E86: ='111 LS CS1'!E86 -> ‐ | F86: ='111 LS CS1'!F86 -> 0 | G86: =ROUND(F86*$J$7,0) -> 0 | H86: ='111 LS CS1'!H86 -> 0 | I86: =ROUND(H86*L86,0) -> 0 | J86: =IF(G86>0,IF(K86>0,K86,$C$8),"") | K86: ='111 LS CS1'!K86 -> 0 | L86: =IFERROR(J86*G86,0) -> 0
D87: 14 | E87: ='111 LS CS1'!E87 -> ‐ | F87: ='111 LS CS1'!F87 -> 0 | G87: =ROUND(F87*$J$7,0) -> 0 | H87: ='111 LS CS1'!H87 -> 0 | I87: =ROUND(H87*L87,0) -> 0 | J87: =IF(G87>0,IF(K87>0,K87,$C$8),"") | K87: ='111 LS CS1'!K87 -> 0 | L87: =IFERROR(J87*G87,0) -> 0
D88: 15 | E88: ='111 LS CS1'!E88 -> 個人 その他 | F88: ='111 LS CS1'!F88 -> 0.1 | G88: =J7-SUM(G74:G87,G89:G98) -> 2736 | H88: ='111 LS CS1'!H88 -> 0.05 | I88: =ROUND(H88*L88,0) -> 1915500 | J88: =IFERROR(L88/G88,"Error") -> 14002.193 | K88: ='111 LS CS1'!K88 -> 0 | L88: =C10-SUM(L74:L87,L89:L98) -> 38310000
D89: 16 | E89: ='111 LS CS1'!E89 -> 団体 国内募集旅行 | F89: ='111 LS CS1'!F89 -> 0 | G89: =ROUND(F89*$J$7,0) -> 0 | H89: ='111 LS CS1'!H89 -> 0 | I89: =ROUND(H89*L89,0) -> 0 | J89: =IF(G89>0,IF(K89>0,K89,$C$8),"") | K89: ='111 LS CS1'!K89 -> 0 | L89: =IFERROR(J89*G89,0) -> 0
D90: 17 | E90: ='111 LS CS1'!E90 -> 団体 国内その他 | F90: ='111 LS CS1'!F90 -> 0.2 | G90: =ROUND(F90*$J$7,0) -> 5475 | H90: ='111 LS CS1'!H90 -> 0.16 | I90: =ROUND(H90*L90,0) -> 7008000 | J90: =IF(G90>0,IF(K90>0,K90,$C$8),"") -> 8000 | K90: ='111 LS CS1'!K90 -> 8000 | L90: =IFERROR(J90*G90,0) -> 43800000
D91: 18 | E91: ='111 LS CS1'!E91 -> 団体 インバウンド | F91: ='111 LS CS1'!F91 -> 0 | G91: =ROUND(F91*$J$7,0) -> 0 | H91: ='111 LS CS1'!H91 -> 0 | I91: =ROUND(H91*L91,0) -> 0 | J91: =IF(G91>0,IF(K91>0,K91,$C$8),"") | K91: ='111 LS CS1'!K91 -> 0 | L91: =IFERROR(J91*G91,0) -> 0
D92: 19 | E92: ='111 LS CS1'!E92 -> 団体 インバウンド | F92: ='111 LS CS1'!F92 -> 0 | G92: =ROUND(F92*$J$7,0) -> 0 | H92: ='111 LS CS1'!H92 -> 0 | I92: =ROUND(H92*L92,0) -> 0 | J92: =IF(G92>0,IF(K92>0,K92,$C$8),"") | K92: ='111 LS CS1'!K92 -> 0 | L92: =IFERROR(J92*G92,0) -> 0
D93: 20 | E93: ='111 LS CS1'!E93 -> ‐ | F93: ='111 LS CS1'!F93 -> 0 | G93: =ROUND(F93*$J$7,0) -> 0 | H93: ='111 LS CS1'!H93 -> 0 | I93: =ROUND(H93*L93,0) -> 0 | J93: =IF(G93>0,IF(K93>0,K93,$C$8),"") | K93: ='111 LS CS1'!K93 -> 0 | L93: =IFERROR(J93*G93,0) -> 0
D94: 21 | E94: ='111 LS CS1'!E94 -> ‐ | F94: ='111 LS CS1'!F94 -> 0 | G94: =ROUND(F94*$J$7,0) -> 0 | H94: ='111 LS CS1'!H94 -> 0 | I94: =ROUND(H94*L94,0) -> 0 | J94: =IF(G94>0,IF(K94>0,K94,$C$8),"") | K94: ='111 LS CS1'!K94 -> 0 | L94: =IFERROR(J94*G94,0) -> 0
D95: 22 | E95: ='111 LS CS1'!E95 -> ‐ | F95: ='111 LS CS1'!F95 -> 0 | G95: =ROUND(F95*$J$7,0) -> 0 | H95: ='111 LS CS1'!H95 -> 0 | I95: =ROUND(H95*L95,0) -> 0 | J95: =IF(G95>0,IF(K95>0,K95,$C$8),"") | K95: ='111 LS CS1'!K95 -> 0 | L95: =IFERROR(J95*G95,0) -> 0
D96: 23 | E96: ='111 LS CS1'!E96 -> ‐ | F96: ='111 LS CS1'!F96 -> 0 | G96: =ROUND(F96*$J$7,0) -> 0 | H96: ='111 LS CS1'!H96 -> 0 | I96: =ROUND(H96*L96,0) -> 0 | J96: =IF(G96>0,IF(K96>0,K96,$C$8),"") | K96: ='111 LS CS1'!K96 -> 0 | L96: =IFERROR(J96*G96,0) -> 0
D97: 24 | E97: ='111 LS CS1'!E97 -> ‐ | F97: ='111 LS CS1'!F97 -> 0 | G97: =ROUND(F97*$J$7,0) -> 0 | H97: ='111 LS CS1'!H97 -> 0 | I97: =ROUND(H97*L97,0) -> 0 | J97: =IF(G97>0,IF(K97>0,K97,$C$8),"") | K97: ='111 LS CS1'!K97 -> 0 | L97: =IFERROR(J97*G97,0) -> 0
D98: 25 | E98: 団体 その他 | F98: ='111 LS CS1'!F98 -> 0 | G98: =ROUND(F98*$J$7,0) -> 0 | H98: ='111 LS CS1'!H98 -> 0 | I98: =ROUND(H98*L98,0) -> 0 | J98: =IF(G98>0,IF(K98>0,K98,$C$8),"") | K98: ='111 LS CS1'!K98 -> 0 | L98: =IFERROR(J98*G98,0) -> 0
F99: =SUM(F74:F98) -> 1 | G99: =SUM(G74:G98) -> 27375 | H99: =IFERROR(I99/L99,0) -> 0.12219293 | I99: =SUM(I74:I98) -> 35122830 | J99: =C8 -> 10500 | L99: =SUM(L74:L98) -> 287437500
D101: ※ 室数比率は全体に占める室数の割合を記入
D102: ※ 手数料率にはクレジットカード手数料も含めること（現金支払いは考慮しないで全てをカード払いとして設定することを推奨）

Sheet 115 LS CS5
A1: << | B1: Hotel PL Simulator / Limited Service or Rooms Division Only Version / Case5 | O1: =index!$C$7 -> Sample Hotel
A3: 以下の数値は試算用に、前年実績から変更したい個所を入力してください。現状のADRやOCCのみの変更もできますし、費用を修正してみて厳密な比較も可能です。 | N3: 更新日： | O3: =DATE(index!$J$7,index!$L$7,index!$N$7) -> 44635
B4: ケース名 | C4: Case5
B6: 客室総数 | C6: ='101 LS LY'!C6 -> 100 | D6: 室
B7: 年間稼働率 | C7: =IF(E7>0,E7,'101 LS LY'!C7) -> 0.8 | D7: → 修正する場合 | F7: 営業日数 | G7: ='111 LS CS1'!G7 -> 365 | I7: 年間販売室数 | J7: =IF(L7>0,L7,ROUND(C6*G7*C7,0)) -> 29200 | K7: → 修正する場合 | L7: ='111 LS CS1'!L7 -> 0 | M7: （修正値をL7セルに入力すると年間販売室数が上書きされます）
B8: ADR | C8: =IF(E8>0,E8,'101 LS LY'!C8) -> 10000 | D8: → 修正する場合 | E8: 0
B10: 客室売上 | C10: =C8*J7 -> 292000000
B11: その他売上 | C11: 0
B12: 宿泊部門売上合計 | C12: =C10+C11 -> 292000000
C14: 金額 | D14: 売上対比
B15: 人件費 | C15: =SUM(C16:C19) -> 36500000 | D15: =C15/$C$12 -> 0.125 | F15: ※ 人件費は「客室数（厳密には年間販売室数）に比例した費用」と考えますので、単体ホテルにおいては客室数の変動はほぼないため固定費として扱います。 | N15: 固定費
B16: 基本分 | C16: =G42 -> 20000000 | D16: =C16/$C$12 -> 0.068493151 | F16: 人件費は計算にいくつかの方法を用意していますので、ページ下部を参照してください。 | N16: 固定費
B17: 時間外手当 | C17: =G58 -> 3500000 | D17: =C17/$C$12 -> 0.011986301 | N17: 固定費 | O17: 削減検討対象
B18: 深夜手当 | C18: =G64 -> 10000000 | D18: =C18/$C$12 -> 0.034246575 | N18: 固定費
B19: 法定福利費 | C19: =IF(I19>0,I19,ROUND(C16*G19,0)) -> 3000000 | D19: =C19/$C$12 -> 0.010273973 | F19: 人件費（基本分）の ％指定 | G19: ='111 LS CS1'!G19 -> 0.15 | H19: または 金額指定 | I19: ='111 LS CS1'!I19 -> 0 | N19: 固定費
B20: 販売管理費 | C20: =SUM(C21:C27) -> 109470800 | D20: =C20/$C$12 -> 0.3749
B21: リネン費 | C21: =$J$7*IF(J21>0,J21,G21) -> 12994000 | D21: =C21/$C$12 -> 0.0445 | F21: ※ 主要コスト | G21: ='101 LS LY'!L21 -> 445 | H21: ／室 （前年） | I21: 単価を変更する場合 | J21: ='111 LS CS1'!J21 -> 0 | N21: 室数に応じた変動費
B22: アメニティ費 | C22: =$J$7*IF(J22>0,J22,G22) -> 16994400 | D22: =C22/$C$12 -> 0.0582 | F22: ※ 主要コスト | G22: ='101 LS LY'!L22 -> 582 | H22: ／室 （前年） | I22: 単価を変更する場合 | J22: ='111 LS CS1'!J22 -> 0 | N22: 室数に応じた変動費
B23: 客室清掃費 | C23: =MAX($J$7,M23)*IF(J23>0,J23,G23) -> 24002400 | D23: =C23/$C$12 -> 0.0822 | F23: ※ 主要コスト | G23: ='101 LS LY'!L23 -> 822 | H23: ／室 （前年） | I23: 単価を変更する場合 | J23: ='111 LS CS1'!J23 -> 0 | K23: 最低稼働保証 | L23: ='111 LS CS1'!L23 -> 0.4 | M23: =C6*G7*L23 -> 14600 | N23: 室数に応じた変動費
B24: 販売手数料 | C24: =G70 -> 32120000 | D24: =C24/$C$12 -> 0.11 | F24: ※ 主要コスト | G24: ='101 LS LY'!L24 -> 1100 | H24: ／室 （前年） | I24: ※ 手数料率を見直す場合はページ下部を確認してください。 | N24: 売上に応じた変動費
B25: 水道光熱費 | C25: =$J$7*IF(J25>0,J25,G25) -> 17520000 | D25: =C25/$C$12 -> 0.06 | G25: ='101 LS LY'!L25 -> 600 | H25: ／室 （前年） | I25: 単価を変更する場合 | J25: ='111 LS CS1'!J25 -> 0 | N25: 室数に応じた変動費
B26: 広告宣伝費 | C26: =IF(I26>0,I26,ROUND($C$12*G26,0)) -> 2920000 | D26: =C26/$C$12 -> 0.01 | F26: 売上の ％指定 | G26: ='111 LS CS1'!G26 -> 0.01 | H26: または 金額指定 | I26: ='111 LS CS1'!I26 -> 0 | N26: 売上に応じた変動費
B27: その他の費用 | C27: =IF(I27>0,I27,ROUND($C$12*G27,0)) -> 2920000 | D27: =C27/$C$12 -> 0.01 | F27: 売上の ％指定 | G27: ='111 LS CS1'!G27 -> 0.01 | H27: または 金額指定 | I27: ='111 LS CS1'!I27 -> 0 | N27: 売上に応じた変動費
B29: GOP | C29: =C12-SUM(C15,C20) -> 146029200 | D29: =C29/$C$12 -> 0.5001
B31: その他費用1（変動） | C31: =$C$12*G31 -> 0 | D31: =C31/$C$12 -> 0 | F31: 売上の ％指定 | G31: ='111 LS CS1'!G31 -> 0 | J31: 備考 | K31: ='111 LS CS1'!K31 -> - | N31: 売上に応じた変動費
B32: その他費用2（変動） | C32: =$C$12*G32 -> 0 | D32: =C32/$C$12 -> 0 | F32: 売上の ％指定 | G32: ='111 LS CS1'!G32 -> 0 | J32: 備考 | K32: ='111 LS CS1'!K32 -> - | N32: 売上に応じた変動費
B33: その他費用3（変動） | C33: =$C$12*G33 -> 0 | D33: =C33/$C$12 -> 0 | F33: 売上の ％指定 | G33: ='111 LS CS1'!G33 -> 0 | J33: 備考 | K33: ='111 LS CS1'!K33 -> - | N33: 売上に応じた変動費
B34: その他費用1（固定） | C34: =I34 -> 0 | D34: =C34/$C$12 -> 0 | H34: 金額指定 | I34: ='111 LS CS1'!I34 -> 0 | J34: 備考 | K34: ='111 LS CS1'!K34 -> - | N34: 固定費
B35: その他費用2（固定） | C35: =I35 -> 0 | D35: =C35/$C$12 -> 0 | H35: 金額指定 | I35: ='111 LS CS1'!I35 -> 0 | J35: 備考 | K35: ='111 LS CS1'!K35 -> - | N35: 固定費
B36: その他費用3（固定） | C36: =I36 -> 0 | D36: =C36/$C$12 -> 0 | H36: 金額指定 | I36: ='111 LS CS1'!I36 -> 0 | J36: 備考 | K36: ='111 LS CS1'!K36 -> - | N36: 固定費
B38: 営業利益 | C38: =C29-SUM(C31:C36) -> 146029200 | D38: =C38/$C$12 -> 0.5001
B42: 人件費 （基本分） | C42: 以下の３つの計算式のうち妥当なものを選択してください。 | F42: ='111 LS CS1'!F42 -> 1 | G42: =VLOOKUP(F42,C44:J46,8,FALSE) -> 20000000 | I42: ※ 人件費には通勤手当を含み法定福利費を含まないものとする
C44: 1 | D44: 実際の金額や固定的な金額を設定する | F44: ='111 LS CS1'!F44 -> 20000000 | J44: =F44 -> 20000000
C45: 2 | D45: 人件費率から概算を計算する | F45: ='111 LS CS1'!F45 -> 0.1 | J45: =ROUND(F45*C12,0) -> 29200000
C46: 3 | D46: 役職別設定単価と人数から試算する | H46: 合計 | I46: =I51+I56/'101 LS LY'!N53 -> 10 | J46: =SUM(J47:J55) -> 29970000
E47: 管理職1 | F47: 年間給与想定額 | G47: ='111 LS CS1'!G47 -> 0 | H47: 雇用人数 | I47: ='111 LS CS1'!I47 -> 1 | J47: =G47*I47 -> 0
E48: 管理職2 | F48: 年間給与想定額 | G48: ='111 LS CS1'!G48 -> 0 | H48: 雇用人数 | I48: ='111 LS CS1'!I48 -> 0 | J48: =G48*I48 -> 0
E49: 管理職3 | F49: 年間給与想定額 | G49: ='111 LS CS1'!G49 -> 0 | H49: 雇用人数 | I49: ='111 LS CS1'!I49 -> 0 | J49: =G49*I49 -> 0
E50: 一般職 | F50: 年間給与想定額 | G50: ='111 LS CS1'!G50 -> 3330000 | H50: 雇用人数 | I50: ='111 LS CS1'!I50 -> 9 | J50: =G50*I50 -> 29970000
H51: 小計 | I51: =SUM(I47:I50) -> 10 | J51: 人
E52: パート1 | F52: 時給 | G52: ='111 LS CS1'!G52 -> 0 | H52: 労働時間合計 | I52: ='111 LS CS1'!I52 -> 0 | J52: =G52*I52 -> 0
E53: パート2 | F53: 時給 | G53: ='111 LS CS1'!G53 -> 0 | H53: 労働時間合計 | I53: ='111 LS CS1'!I53 -> 0 | J53: =G53*I53 -> 0
E54: アルバイト1 | F54: 時給 | G54: ='111 LS CS1'!G54 -> 0 | H54: 労働時間合計 | I54: ='111 LS CS1'!I54 -> 0 | J54: =G54*I54 -> 0
E55: アルバイト2 | F55: 時給 | G55: ='111 LS CS1'!G55 -> 0 | H55: 労働時間合計 | I55: ='111 LS CS1'!I55 -> 0 | J55: =G55*I55 -> 0
H56: 小計 | I56: =SUM(I52:I55) -> 0 | J56: 時間
B58: 人件費 （時間外分） | C58: 以下の３つの計算式のうち妥当なものを選択してください。 | F58: ='111 LS CS1'!F58 -> 1 | G58: =VLOOKUP(F58,C60:N62,12,FALSE) -> 3500000 | I58: ※ 人件費（基本分）に時間外手当を含む場合は入力不要
C60: 1 | D60: 実際の金額や固定的な金額を設定する | G60: ='111 LS CS1'!G60 -> 3500000 | N60: =G60 -> 3500000
C61: 2 | D61: 人件費率から概算を計算する | G61: ='111 LS CS1'!G61 -> 0.012 | N61: =ROUND(G61*C12,0) -> 3504000
C62: 3 | D62: 単価と人数から試算する | F62: 想定時給 | G62: ='111 LS CS1'!G62 -> 2500 | H62: 想定時間／日 | I62: ='111 LS CS1'!I62 -> 1 | J62: 想定日数 | K62: ='111 LS CS1'!K62 -> 150 | L62: 想定人数 | M62: ='111 LS CS1'!M62 -> 12 | N62: =G62*I62*K62*M62 -> 4500000
B64: 人件費 （深夜分） | C64: 以下の３つの計算式のうち妥当なものを選択してください。 | F64: ='111 LS CS1'!F64 -> 1 | G64: =VLOOKUP(F64,C66:N68,12,FALSE) -> 10000000 | I64: ※ 人件費（基本分）に時間外手当を含む場合は入力不要
C66: 1 | D66: 実際の金額や固定的な金額を設定する | G66: ='111 LS CS1'!G66 -> 10000000 | N66: =G66 -> 10000000
C67: 2 | D67: 人件費率から概算を計算する | G67: ='111 LS CS1'!G67 -> 0.035 | N67: =ROUND(G67*C12,0) -> 10220000
C68: 3 | D68: 単価と人数から試算する | F68: 想定時給 | G68: ='111 LS CS1'!G68 -> 2500 | H68: 想定時間／日 | I68: ='111 LS CS1'!I68 -> 7 | J68: 想定日数 | K68: ='111 LS CS1'!K68 -> 365 | L68: 想定人数 | M68: ='111 LS CS1'!M68 -> 2 | N68: =G68*I68*K68*M68 -> 12775000
B70: 送客手数料 | C70: 以下の２つの計算式のうち妥当なものを選択してください。 | F70: 1 | G70: =VLOOKUP(F70,C72:N73,12,FALSE) -> 32120000 | I70: ※ 人件費（基本分）に時間外手当を含む場合は入力不要
C72: 1 | D72: 前年の手数料率を使用する | G72: ='101 LS LY'!D24 -> 0.11 | N72: =G72*C12 -> 32120000 | O72: =N72/$C$10 -> 0.11
C73: 2 | D73: 手数料を試算する | F73: 室数比率 | G73: 室数 | H73: 手数料率 | I73: 手数料 | J73: ADR | K73: ↓ 修正する場合 | L73: 室料売上 | N73: =I99 -> 36354000 | O73: =N73/$C$10 -> 0.1245
D74: 1 | E74: 自社サイト | F74: ='111 LS CS1'!F74 -> 0.1 | G74: =ROUND(F74*$J$7,0) -> 2920 | H74: ='111 LS CS1'!H74 -> 0.02 | I74: =ROUND(H74*L74,0) -> 525600 | J74: =IF(G74>0,IF(K74>0,K74,$C$8),"") -> 9000 | K74: ='111 LS CS1'!K74 -> 9000 | L74: =IFERROR(J74*G74,0) -> 26280000
D75: 2 | E75: 国内OTA 楽天 | F75: ='111 LS CS1'!F75 -> 0 | G75: =ROUND(F75*$J$7,0) -> 0 | H75: ='111 LS CS1'!H75 -> 0 | I75: =ROUND(H75*L75,0) -> 0 | J75: =IF(G75>0,IF(K75>0,K75,$C$8),"") | K75: ='111 LS CS1'!K75 -> 0 | L75: =IFERROR(J75*G75,0) -> 0
D76: 3 | E76: 国内OTA じゃらん | F76: ='111 LS CS1'!F76 -> 0 | G76: =ROUND(F76*$J$7,0) -> 0 | H76: ='111 LS CS1'!H76 -> 0 | I76: =ROUND(H76*L76,0) -> 0 | J76: =IF(G76>0,IF(K76>0,K76,$C$8),"") | K76: ='111 LS CS1'!K76 -> 0 | L76: =IFERROR(J76*G76,0) -> 0
D77: 4 | E77: 国内OTA 一休 | F77: ='111 LS CS1'!F77 -> 0 | G77: =ROUND(F77*$J$7,0) -> 0 | H77: ='111 LS CS1'!H77 -> 0 | I77: =ROUND(H77*L77,0) -> 0 | J77: =IF(G77>0,IF(K77>0,K77,$C$8),"") | K77: ='111 LS CS1'!K77 -> 0 | L77: =IFERROR(J77*G77,0) -> 0
D78: 5 | E78: 国内OTA その他 | F78: ='111 LS CS1'!F78 -> 0.3 | G78: =ROUND(F78*$J$7,0) -> 8760 | H78: ='111 LS CS1'!H78 -> 0.1 | I78: =ROUND(H78*L78,0) -> 8760000 | J78: =IF(G78>0,IF(K78>0,K78,$C$8),"") -> 10000 | K78: ='111 LS CS1'!K78 -> 0 | L78: =IFERROR(J78*G78,0) -> 87600000
D79: 6 | E79: 海外OTA Agoda | F79: ='111 LS CS1'!F79 -> 0 | G79: =ROUND(F79*$J$7,0) -> 0 | H79: ='111 LS CS1'!H79 -> 0 | I79: =ROUND(H79*L79,0) -> 0 | J79: =IF(G79>0,IF(K79>0,K79,$C$8),"") | K79: ='111 LS CS1'!K79 -> 0 | L79: =IFERROR(J79*G79,0) -> 0
D80: 7 | E80: 海外OTA Booking | F80: ='111 LS CS1'!F80 -> 0 | G80: =ROUND(F80*$J$7,0) -> 0 | H80: ='111 LS CS1'!H80 -> 0 | I80: =ROUND(H80*L80,0) -> 0 | J80: =IF(G80>0,IF(K80>0,K80,$C$8),"") | K80: ='111 LS CS1'!K80 -> 0 | L80: =IFERROR(J80*G80,0) -> 0
D81: 8 | E81: 海外OTA C-trip | F81: ='111 LS CS1'!F81 -> 0 | G81: =ROUND(F81*$J$7,0) -> 0 | H81: ='111 LS CS1'!H81 -> 0 | I81: =ROUND(H81*L81,0) -> 0 | J81: =IF(G81>0,IF(K81>0,K81,$C$8),"") | K81: ='111 LS CS1'!K81 -> 0 | L81: =IFERROR(J81*G81,0) -> 0
D82: 9 | E82: 海外OTA Expedia | F82: ='111 LS CS1'!F82 -> 0 | G82: =ROUND(F82*$J$7,0) -> 0 | H82: ='111 LS CS1'!H82 -> 0 | I82: =ROUND(H82*L82,0) -> 0 | J82: =IF(G82>0,IF(K82>0,K82,$C$8),"") | K82: ='111 LS CS1'!K82 -> 0 | L82: =IFERROR(J82*G82,0) -> 0
D83: 10 | E83: 海外OTA その他 | F83: ='111 LS CS1'!F83 -> 0.2 | G83: =ROUND(F83*$J$7,0) -> 5840 | H83: ='111 LS CS1'!H83 -> 0.19 | I83: =ROUND(H83*L83,0) -> 13315200 | J83: =IF(G83>0,IF(K83>0,K83,$C$8),"") -> 12000 | K83: ='111 LS CS1'!K83 -> 12000 | L83: =IFERROR(J83*G83,0) -> 70080000
D84: 11 | E84: 国内AGT 個人 | F84: ='111 LS CS1'!F84 -> 0.1 | G84: =ROUND(F84*$J$7,0) -> 2920 | H84: ='111 LS CS1'!H84 -> 0.16 | I84: =ROUND(H84*L84,0) -> 4672000 | J84: =IF(G84>0,IF(K84>0,K84,$C$8),"") -> 10000 | K84: ='111 LS CS1'!K84 -> 0 | L84: =IFERROR(J84*G84,0) -> 29200000
D85: 12 | E85: 海外AGT 個人 | F85: ='111 LS CS1'!F85 -> 0 | G85: =ROUND(F85*$J$7,0) -> 0 | H85: ='111 LS CS1'!H85 -> 0 | I85: =ROUND(H85*L85,0) -> 0 | J85: =IF(G85>0,IF(K85>0,K85,$C$8),"") | K85: ='111 LS CS1'!K85 -> 0 | L85: =IFERROR(J85*G85,0) -> 0
D86: 13 | E86: ='111 LS CS1'!E86 -> ‐ | F86: ='111 LS CS1'!F86 -> 0 | G86: =ROUND(F86*$J$7,0) -> 0 | H86: ='111 LS CS1'!H86 -> 0 | I86: =ROUND(H86*L86,0) -> 0 | J86: =IF(G86>0,IF(K86>0,K86,$C$8),"") | K86: ='111 LS CS1'!K86 -> 0 | L86: =IFERROR(J86*G86,0) -> 0
D87: 14 | E87: ='111 LS CS1'!E87 -> ‐ | F87: ='111 LS CS1'!F87 -> 0 | G87: =ROUND(F87*$J$7,0) -> 0 | H87: ='111 LS CS1'!H87 -> 0 | I87: =ROUND(H87*L87,0) -> 0 | J87: =IF(G87>0,IF(K87>0,K87,$C$8),"") | K87: ='111 LS CS1'!K87 -> 0 | L87: =IFERROR(J87*G87,0) -> 0
D88: 15 | E88: ='111 LS CS1'!E88 -> 個人 その他 | F88: ='111 LS CS1'!F88 -> 0.1 | G88: =J7-SUM(G74:G87,G89:G98) -> 2920 | H88: ='111 LS CS1'!H88 -> 0.05 | I88: =ROUND(H88*L88,0) -> 1606000 | J88: =IFERROR(L88/G88,"Error") -> 11000 | K88: ='111 LS CS1'!K88 -> 0 | L88: =C10-SUM(L74:L87,L89:L98) -> 32120000
D89: 16 | E89: ='111 LS CS1'!E89 -> 団体 国内募集旅行 | F89: ='111 LS CS1'!F89 -> 0 | G89: =ROUND(F89*$J$7,0) -> 0 | H89: ='111 LS CS1'!H89 -> 0 | I89: =ROUND(H89*L89,0) -> 0 | J89: =IF(G89>0,IF(K89>0,K89,$C$8),"") | K89: ='111 LS CS1'!K89 -> 0 | L89: =IFERROR(J89*G89,0) -> 0
D90: 17 | E90: ='111 LS CS1'!E90 -> 団体 国内その他 | F90: ='111 LS CS1'!F90 -> 0.2 | G90: =ROUND(F90*$J$7,0) -> 5840 | H90: ='111 LS CS1'!H90 -> 0.16 | I90: =ROUND(H90*L90,0) -> 7475200 | J90: =IF(G90>0,IF(K90>0,K90,$C$8),"") -> 8000 | K90: ='111 LS CS1'!K90 -> 8000 | L90: =IFERROR(J90*G90,0) -> 46720000
D91: 18 | E91: ='111 LS CS1'!E91 -> 団体 インバウンド | F91: ='111 LS CS1'!F91 -> 0 | G91: =ROUND(F91*$J$7,0) -> 0 | H91: ='111 LS CS1'!H91 -> 0 | I91: =ROUND(H91*L91,0) -> 0 | J91: =IF(G91>0,IF(K91>0,K91,$C$8),"") | K91: ='111 LS CS1'!K91 -> 0 | L91: =IFERROR(J91*G91,0) -> 0
D92: 19 | E92: ='111 LS CS1'!E92 -> 団体 インバウンド | F92: ='111 LS CS1'!F92 -> 0 | G92: =ROUND(F92*$J$7,0) -> 0 | H92: ='111 LS CS1'!H92 -> 0 | I92: =ROUND(H92*L92,0) -> 0 | J92: =IF(G92>0,IF(K92>0,K92,$C$8),"") | K92: ='111 LS CS1'!K92 -> 0 | L92: =IFERROR(J92*G92,0) -> 0
D93: 20 | E93: ='111 LS CS1'!E93 -> ‐ | F93: ='111 LS CS1'!F93 -> 0 | G93: =ROUND(F93*$J$7,0) -> 0 | H93: ='111 LS CS1'!H93 -> 0 | I93: =ROUND(H93*L93,0) -> 0 | J93: =IF(G93>0,IF(K93>0,K93,$C$8),"") | K93: ='111 LS CS1'!K93 -> 0 | L93: =IFERROR(J93*G93,0) -> 0
D94: 21 | E94: ='111 LS CS1'!E94 -> ‐ | F94: ='111 LS CS1'!F94 -> 0 | G94: =ROUND(F94*$J$7,0) -> 0 | H94: ='111 LS CS1'!H94 -> 0 | I94: =ROUND(H94*L94,0) -> 0 | J94: =IF(G94>0,IF(K94>0,K94,$C$8),"") | K94: ='111 LS CS1'!K94 -> 0 | L94: =IFERROR(J94*G94,0) -> 0
D95: 22 | E95: ='111 LS CS1'!E95 -> ‐ | F95: ='111 LS CS1'!F95 -> 0 | G95: =ROUND(F95*$J$7,0) -> 0 | H95: ='111 LS CS1'!H95 -> 0 | I95: =ROUND(H95*L95,0) -> 0 | J95: =IF(G95>0,IF(K95>0,K95,$C$8),"") | K95: ='111 LS CS1'!K95 -> 0 | L95: =IFERROR(J95*G95,0) -> 0
D96: 23 | E96: ='111 LS CS1'!E96 -> ‐ | F96: ='111 LS CS1'!F96 -> 0 | G96: =ROUND(F96*$J$7,0) -> 0 | H96: ='111 LS CS1'!H96 -> 0 | I96: =ROUND(H96*L96,0) -> 0 | J96: =IF(G96>0,IF(K96>0,K96,$C$8),"") | K96: ='111 LS CS1'!K96 -> 0 | L96: =IFERROR(J96*G96,0) -> 0
D97: 24 | E97: ='111 LS CS1'!E97 -> ‐ | F97: ='111 LS CS1'!F97 -> 0 | G97: =ROUND(F97*$J$7,0) -> 0 | H97: ='111 LS CS1'!H97 -> 0 | I97: =ROUND(H97*L97,0) -> 0 | J97: =IF(G97>0,IF(K97>0,K97,$C$8),"") | K97: ='111 LS CS1'!K97 -> 0 | L97: =IFERROR(J97*G97,0) -> 0
D98: 25 | E98: 団体 その他 | F98: ='111 LS CS1'!F98 -> 0 | G98: =ROUND(F98*$J$7,0) -> 0 | H98: ='111 LS CS1'!H98 -> 0 | I98: =ROUND(H98*L98,0) -> 0 | J98: =IF(G98>0,IF(K98>0,K98,$C$8),"") | K98: ='111 LS CS1'!K98 -> 0 | L98: =IFERROR(J98*G98,0) -> 0
F99: =SUM(F74:F98) -> 1 | G99: =SUM(G74:G98) -> 29200 | H99: =IFERROR(I99/L99,0) -> 0.1245 | I99: =SUM(I74:I98) -> 36354000 | J99: =C8 -> 10000 | L99: =SUM(L74:L98) -> 292000000
D101: ※ 室数比率は全体に占める室数の割合を記入
D102: ※ 手数料率にはクレジットカード手数料も含めること（現金支払いは考慮しないで全てをカード払いとして設定することを推奨）
